Workbook
Name Altissimo: Parametri!$B$27:$C$29
Name Alto: Parametri!$B$30:$C$30
Name attivita: [1]Parametri!$D$11:$D$13
Name attività: [1]Parametri!$B$11:$B$12
Name Direzione: !#REF!
Name impatto: [1]Parametri!$D$18:$D$19
Name Medio: Parametri!$B$31:$C$31
Name probabilita: [1]Parametri!$B$18:$B$22
Name Profilo_dirigente: [2]Foglio1!$B$2:$B$6
Name Profilo_dirigente: [2]Foglio1!$B$2:$B$6
Name Profilo_dirigente: !#REF!
Name responsabilità: [1]Parametri!$B$3:$B$8
Name risultato: [1]Parametri!$F$18:$F$20
Name soggetti: Parametri!$B$3:$B$12
Name Struttura: !#REF!
Name Tipo_relazione: !#REF!
Name tipologiaattivita: Parametri!$I$4:$I$10
Name ufficio: !#REF!
Name ufficio_di_destinazione: [3]parametri!$A$2:$A$34

Sheet Sezione_generale
A1: AREE DI RISCHIO | D1: PROCESSI
A3: GENERALI | B3: C-A | C3: Acquisizione e gestione del personale: CONCORSI E SELEZIONI | D3: 1 | E3: Svolgimento di concorsi pubblici
D4: 2 | E4: Gestione benefici contrattuali (per es. Riconoscimento permessi e buoni pasto)
D5: 3 | E5: Pagamento lavoro straordinario
D6: 4 | E6: Rilevamento presenze
D7: 5 | E7: Premi retributivi e progressione economiche o di carriera
D8: 6 | E8: Conferimento di incarichi di collaborazione
D9: 7 | E9: Attingimento da graduatoria di altri Enti
D10: 8 | E10: Mobilità volontaria
B11: C-B | C11: Contratti pubblici | D11: 1 | E11: Affidamenti diretti
D12: 2 | E12: Programmazione
D13: 3 | E13: Progettazione gara
D14: 4 | E14: Selezione del contraente
D15: 5 | E15: Verifica, aggiudicazione e stipula contratto
D16: 6 | E16: Esecuzione e rendicontazione del contratto
D17: 7 | E17: Gestione fondi PNRR
B18: C-C | C18: Provvedimenti ampliativi della sfera giuridica dei destinatari PRIVI di effetto economico diretto ed immediato per il destinatario: AUTORIZZAZIONI E CONCESSIONI | D18: 1 | E18: Iscrizione, trasferimento, cancellazione
D19: 2 | E19: Rilascio di certificazioni e attestazioni
B20: C-D | C20: Provvedimenti ampliativi della sfera giuridica dei destinatari CON effetto economico diretto ed immediato per il destinatario: CONTRIBUTI E SOVVENZIONI | D20: 1 | E20: Erogazione di sovvenzioni e contributi
D21: 2 | E21: Erogazione liberali enti, associazioni, federazioni, Coordinamento, Consulte, Fondazioni
A22: SPECIFICHE | B22: S-A | C22: Formazione professionale continua | D22: 1 | E22: Esame e valutazione delle offerte formative
D23: 2 | E23: Attribuzione dei crediti formativi professionali (CFP) agli iscritti
D24: 3 | E24: Vigilanza sugli “enti terzi” autorizzati all’erogazione della formazione ai sensi dell’art. 7, co. 2, d.p.r. 137 del 2012, svolta in proprio dagli ordini e collegi territoriali
D25: 4 | E25: Organizzazione e svolgimento di eventi formativi da parte degli ordini e collegi territoriali
B26: S-B | C26: Rilascio di pareri di congruità | D26: 1 | E26: Adozione di pareri di congruità sui corrispettivi per le prestazioni professionali
B27: S-C | C27: Indicazione dei professionisti per lo svolgimento di incarichi | D27: 1 | E27: Nomina di professionisti a cui conferire incarichi
C28: Valutazione consiliare con individuazione terna di professionisti | D28: 2 | E28: Valutazione consiliare
A30: CATEGORIE DI MISURE GENERALI E SPECIFICHE | E30: INDICATORI DI MONITORAGGIO
A31: Ciascuna categoria di misura può dar luogo a misure sia generali che specifiche | C31: controllo | E31: numero di controlli effettuati su numero di pratiche/provvedimenti/etc
C32: trasparenza | E32: presenza o meno di un determinato atto/dato/informazione oggetto di pubblicazione
C33: definizione e promozione dell’etica e di standard di comportamento | E33: numero di partecipanti a un determinato corso su numero soggetti interessati
C34: regolamentazione | E34: risultanze sulle verifiche di apprendimento (risultato dei test su risultato atteso)
C35: semplificazione | E35: numero di incarichi/pratiche ruotate sul totale
C36: formazione | E36: verifica adozione di un determinato regolamento/procedura
C37: sensibilizzazione e partecipazione
C38: rotazione
C39: segnalazione e protezione
C40: disciplina del conflitto di interessi
C41: regolazione dei rapporti con i “rappresentanti di interessi particolari” (lobbies)
A43: INDICATORI DI STIMA DEL LIVELLO DI RISCHIO | E43: CLASSIFICAZIONE DEI LIVELLI DI RISCHIO - RATING (secondo il criterio generale di prudenza)
A44: SOGGETTIVI | C44: livello di interesse “esterno”: la presenza di interessi, anche economici, rilevanti e di benefici per i destinatari del processo determina un incremento del rischio | E44: PROBILITA'/IMPATTO | F44: ALTO | G44: ALTISSIMO
C45: grado di discrezionalità del decisore interno alla PA: la presenza di un processo decisionale altamente discrezionale determina un incremento del rischio rispetto ad un processo decisionale altamente vincolato | E45: ALTISSIMA | F45: ALTISSIMO | G45: ALTISSIMO
C46: manifestazione di eventi corruttivi in passato nel processo/attività esaminata: se l’attività è stata già oggetto di eventi corruttivi in passato nell’amministrazione o in altre realtà simili, il rischio aumenta poiché quella attività ha delle caratteristiche che rendono attuabili gli eventi corruttivi | E46: ALTA | F46: ALTO | G46: ALTISSIMO
C47: opacità del processo decisionale: l’adozione di strumenti di trasparenza sostanziale, e non solo formale, riduce il rischio | E47: MEDIA | F47: ALTO | G47: ALTISSIMO
C48: livello di collaborazione del responsabile del processo o dell’attività nella costruzione, aggiornamento e monitoraggio del piano: la scarsa collaborazione può segnalare un deficit di attenzione al tema della prevenzione della corruzione o comunque risultare in una opacità sul reale grado di rischiosità | E48: BASSA | F48: MEDIO | G48: ALTO
C49: grado di attuazione delle misure di trattamento: l’attuazione di misure di trattamento si associa ad una minore possibilità di accadimento di fatti corruttivi | E49: MOLTO BASSA | F49: MEDIO | G49: MEDIO
A51: DATI OGGETTIVI PER LA STIMA DEL RISCHIO | E51: FATTORI ABILITANTI GLI EVENTI RISCHIOSI
A52: OGGETTIVI | C52: i dati sui precedenti giudiziari e/o sui procedimenti disciplinari a carico dei dipendenti dell’amministrazione. Le fattispecie che possono essere considerate sono le sentenze passate in giudicato, i procedimenti in corso, e i decreti di citazione a giudizio riguardanti: - i reati contro la PA; - il falso e la truffa, con particolare riferimento alle truffe aggravate all'amministrazione (artt. 640 e 640-bis c.p.); - i procedimenti aperti per responsabilità amministrativo/contabile (Corte dei Conti); - i ricorsi amministrativi in tema di affidamento di contratti pubblici | E52: a) mancanza di controlli relativi agli eventi rischiosi; b) mancanza di trasparenza; c) eccessiva regolamentazione, complessità e scarsa chiarezza della normativa di riferimento; d) esercizio prolungato ed esclusivo della responsabilità di un processo da parte di pochi o di un unico soggetto; e) scarsa responsabilizzazione interna; f) inadeguatezza o assenza di competenze del personale addetto ai processi; g) inadeguata diffusione della cultura della legalità; h) mancata attuazione del principio di distinzione tra politica e amministrazione
C53: le segnalazioni pervenute, nel cui ambito rientrano certamente le segnalazioni ricevute tramite apposite procedure di whistleblowing, ma anche quelle pervenute dall’esterno dell’amministrazione o pervenute in altre modalità. Altro dato da considerare è quello relativo ai reclami e alle risultanze di indagini di customer satisfaction che possono indirizzare l’attenzione su possibili malfunzionamenti o sulla malagestione di taluni processi organizzativi
C54: ulteriori dati in possesso dell’amministrazione (es. dati disponibili in base agli esiti dei controlli interni delle singole amministrazioni, rassegne stampa, ecc.)
A56: ESEMPI DI MISURE SPECIFICHE | E56: ESEMPI DI MISURE SPECIFICHE PER IL PROCESSO AFFIDAMENTI DIRETTI
A57: DI CONTROLLO | C57: duplice valutazione istruttoria del dirigente/consigliere e del funzionario preposto (firma congiunta, dirigente/consigliere e funzionario) | E57: check list di verifica degli adempimenti da trasmettere periodicamente al RPCT anche relativamente all'attività prodromica al mandato di pagamento
C58: motivazione specifica delle scelte regolatorie assunte e di eventuali scostamenti da precedenti orientamenti | E58: obbligo di motivazione nelle delibere a cotnrarre e di aggiudicazione
C59: previsione di più funzionari per lo svolgimento delle attività interessate (firma di più funzionari) | E59: analisi degli affidatari/affidamenti più ricorrenti anche in base al CPV
C60: assegnazione delle istruttorie sulla base del criterio funzionale della materia e successivo confronto degli esiti della trattazione della stessa tematica da parte dei diversi funzionari
C61: decisione collegiale
C62: verifica dell'avvio dell'istruttoria a cura del dirigente/consigliere
A63: DI TRASPARENZA | C63: condivisione, attraverso risorse di rete, della documentazione | E63: utilizzo di sistemi informatizzati/MEPA/FVOE
C64: adeguata verbalizzazione della attività svolte | E64: utulizzo di elenchi aperti di OE con applicazione del principio di rotazione e fissazioni di criteri generali per l'iscrizione
C65: pubblicazione sul sito istituzionale | E65: pubblicazione sul sito istituzionale degli obblighi in materia di trasparenza
A66: DI REGOLAMENTAZIONE | C66: stesura di linee guida di carattere metodologico per l'elaborazione dei dati e per la standardizzazione dell'esame dei singoli casi | E66: adozione di direttive interni/regolamenti/linee guida che definiscano i criteri e i presupposti legali per indire procedure negoziate o procedere ad affidamenti diretti da parte del RUP
C67: report periodici al Consiglio | E67: utilizzo della delibera di programmazione per definire i criteri che saranno utilizzati per la scelta delle imprese a cui affidare
C68: tempestiva esecuzione delle delibere consiliari | E68: utilizzo di clausole standard conformi alla normativa per garantire la tracciaibilità dei pagamenti e la risoluzione dei contratti in caso di gravi inosservanze /per es. rispetto al codice di comportamento o ai patti di integrità
C69: osservanza delle direttive dell'ente
C70: rispetto dei termini procedimentali
A71: DI SEMPLIFICAZIONE | C71: informatizzazione del processo istruttorio e/o utilizzo di un gestionale per il monitoraggio delle attività | E71: utilizzo del modello europeo DGUE per il rilascio delle attestazioni dell'OE
A74: DI SENSIBILIZZAZIONE E PARTECIPAZIONE | C74: riunione collegiale interna all'ufficio | E74: ricorso all'indagine di mercato mediante avviso esplorativo
C75: riunioni periodiche tra dirigente/consigliere e personale dell'ufficio per finalità di condivisione ed aggiornamento delle attività in corso
C76: impiego di un team di lavoro più che di risorse individuali su temi particolarmente complessi
A77: DI FORMAZIONE | C77: formazione specialistica sulle tematiche di competenza | E77: formazione specialistica sulle tematiche di competenza
A80: DI ROTAZIONE | C80: rotazione delle attività tra il personale assegnato all'ufficio/tra i consiglieri | E80: verifica della effettiva rotazione degli affidamenti
A83: DI CONFLITTO DI INTERESSI | C83: sottoscrizione da parte di dichiarazioni relative all'assenza di conflitto di interessi anche potenziale | E83: sottoscrizione da parte dell'OE di dichiarazioni relative all'assenza di conflitto di interessi anche potenziale

Sheet Sezione_generale_old
B1: Sezione I: INFORMAZIONI DI CARATTERE GENERALE
B2: Denominazione Ufficio (Selezione da menù a tendina)
B3: Nominativo Dirigente (Si alimenta automaticamente all'immissione della denominazione Ufficio) | C3: =VLOOKUP(C2,#REF!,3,0) -> #REF!
B4: Profilo dirigente
B5: Descrizione delle funzioni svolte dall'ufficio (Si alimenta automaticamente all'immissione della denominazione Ufficio) | C5: =VLOOKUP(C2,#REF!,2) -> #REF!

Sheet Registro rischi
G2: Valori probabilità: | H2: MOLTO BASSA: oltre 4 punti | I2: BASSA: 4 punti | J2: MEDIA: fino a 3 punti | K2: ALTA: 2 punti | L2: ALTISSIMA: 1 oppure 0 punti
B3: REGISTRO DEI RISCHI CON GIUDIZIO DI RISCHIOSITA’ | G3: Valori impatto: | H3: ALTO: fino a 2 punti | I3: ALTISSIMO: oltre 2 punti
A4: MAPPATURA | B4: AREA DI RISCHIO | D4: VALORE PROBABILITÀ | E4: VALORE IMPATTO | F4: GIUDIZIO DI RISCHIOSITA’ | G4: indicatori della probabilità
A5: C-A | B5: Acquisizione e gestione del personale | C5: Svolgimento di concorsi pubblici | D5: =Q7 -> molto basso | E5: =Q11 -> alto | F5: medio | G5: Processo definito con decisione collegiale | H5: Processo regolato da normativa esterna | I5: Processo regolato da autoregolamentazione | J5: Processo soggetto a controllo finale di un soggetto terzo (revisori, assemblea degli iscritti, Ministero competente, CN) | K5: Processo senza effetti economici per l’Ordine | L5: Processo senza effetti economici per i terzi | M5: Processo gestito da consigliere con delega specifica | N5: Processo del cui svolgimento viene data trasparenza sul sito istituzionale
G7: 1 | H7: 1 | J7: 1 | L7: 1 | M7: 1 | N7: 1 | P7: =SUM(G7:N7) -> 6 | Q7: molto basso
G8: indicatori dell'impatto
G9: Lo svolgimento del processo coinvolge l’intero Consiglio dell’Ordine e i dipendenti | H9: Lo svolgimento coinvolge, in forza di delega, solo i ruoli apicali | I9: Esistenza negli ultimi 5 anni di procedimenti contabili, penali, amministrativi, amministrativi a carico dei Consiglieri costituenti il Consiglio al momento della valutazione | J9: Esistenza negli ultimi 5 anni di procedimenti giudiziari, civili, amministrativi a carico dei dipendenti dell’Ordine | K9: Esistenza di notizie circostanziate (stampa/ relative a illeciti commessi da Consiglieri dell’Ordine o dall’Ordine | L9: Esistenza di procedimenti disciplinare a carico di Consiglieri dell’Ordine costituenti il Consiglio al momento della valutazione | M9: Esistenza di condanne di risarcimento a carico dell’Ordine | N9: Commissariamento dell’Ordine negli ultimi 5 anni | O9: Il processo non è mappato
G11: 1 | P11: =SUM(G11:O11) -> 1 | Q11: alto
G12: indicatori della probabilità
C13: Premi retributivi e progressione economiche o di carriera | D13: =Q15 -> basso | E13: =Q19 -> alto | F13: medio | G13: Processo definito con decisione collegiale | H13: Processo regolato da normativa esterna | I13: Processo regolato da autoregolamentazione | J13: Processo soggetto a controllo finale di un soggetto terzo (revisori, assemblea degli iscritti, Ministero competente, CN) | K13: Processo senza effetti economici per l’Ordine | L13: Processo senza effetti economici per i terzi | M13: Processo gestito da consigliere con delega specifica | N13: Processo del cui svolgimento viene data trasparenza sul sito istituzionale
G15: 1 | H15: 1 | I15: 1 | N15: 1 | P15: =SUM(G15:N15) -> 4 | Q15: =IF(P15>=4,"basso",IF(P15=3,"medio",IF(P15<=2,"alto"))) -> basso
G16: indicatori dell'impatto
G17: Lo svolgimento del processo coinvolge l’intero Consiglio dell’Ordine e i dipendenti | H17: Lo svolgimento coinvolge, in forza di delega, i ruoli apicali | I17: Esistenza negli ultimi 5 anni di procedimenti contabili, penali, amministrativi, amministrativi a carico dei Consiglieri costituenti il Consiglio al momento della valutazione | J17: Esistenza negli ultimi 5 anni di procedimenti giudiziari, civili, amministrativi a carico dei dipendenti dell’Ordine | K17: Esistenza di notizie circostanziate (stampa/ relative a illeciti commessi da Consiglieri dell’Ordine o dall’Ordine | L17: Esistenza di procedimenti disciplinare a carico di Consiglieri dell’Ordine costituenti il Consiglio al momento della valutazione | M17: Esistenza di condanne di risarcimento a carico dell’Ordine | N17: Commissariamento dell’Ordine negli ultimi 5 anni | O17: Il processo non è mappato
G19: 1 | P19: =SUM(G19:O19) -> 1 | Q19: alto
G20: indicatori della probabilità
C21: Conferimento incarichi di collaborazione | D21: =Q23 -> basso | E21: =Q27 -> alto | F21: =IF(AND(D21="basso",E21="basso"),"basso",IF(AND(D21="basso",E21="medio"),"basso",IF(AND(D21="basso",E21="alto"),"medio",IF(AND(D21="medio",E21="basso"),"basso",IF(AND(D21="medio",E21="medio"),"medio",IF(AND(D21="medio",E21="alto"),"alto",IF(AND(D21="alto",E21="basso"),"medio",IF(AND(D21="alto",E21="medio"),"alto",IF(AND(D21="alto",E21="alto"),"alto"))))))))) -> medio | G21: Processo definito con decisione collegiale | H21: Processo regolato da normativa esterna | I21: Processo regolato da autoregolamentazione | J21: Processo soggetto a controllo finale di un soggetto terzo (revisori, assemblea degli iscritti, Ministero competente, CN) | K21: Processo senza effetti economici per l’Ordine | L21: Processo senza effetti economici per i terzi | M21: Processo gestito da consigliere con delega specifica | N21: Processo del cui svolgimento viene data trasparenza sul sito istituzionale
G23: 1 | H23: 1 | I23: 1 | N23: 1 | P23: =SUM(G23:N23) -> 4 | Q23: =IF(P23>=4,"basso",IF(P23=3,"medio",IF(P23<=2,"alto"))) -> basso
G24: indicatori dell'impatto
G25: Lo svolgimento del processo coinvolge l’intero Consiglio dell’Ordine e i dipendenti | H25: Lo svolgimento coinvolge, in forza di delega, i ruoli apicali | I25: Esistenza negli ultimi 5 anni di procedimenti contabili, penali, amministrativi, amministrativi a carico dei Consiglieri costituenti il Consiglio al momento della valutazione | J25: Esistenza negli ultimi 5 anni di procedimenti giudiziari, civili, amministrativi a carico dei dipendenti dell’Ordine | K25: Esistenza di notizie circostanziate (stampa/ relative a illeciti commessi da Consiglieri dell’Ordine o dall’Ordine | L25: Esistenza di procedimenti disciplinare a carico di Consiglieri dell’Ordine costituenti il Consiglio al momento della valutazione | M25: Esistenza di condanne di risarcimento a carico dell’Ordine | N25: Commissariamento dell’Ordine negli ultimi 5 anni | O25: Il processo non è mappato
G27: 1 | K27: 1 | P27: =SUM(G27:O27) -> 2 | Q27: alto
F29: Motivazione Giudizio Medio attribuito | G29: Le procedure relative al personale sono gestite nel rispetto delle indicazioni normative di cui al DLGS n. 165/2001 e DPR 487/1994. Il PTFP è adottato con delibera collegiale, sottoposto a parere del tesoriere e del Revisore e ad approvazione del CN e DFP
D31: VALORE PROBABILITÀ | E31: VALORE IMPATTO | F31: GIUDIZIO DI RISCHIOSITA’ | G31: indicatori della probabilità
A32: CB | B32: Affidamento di lavori, servizi e forniture/Contratti pubblici | C32: Individuazione bisogno (programmazione) | D32: =Q34 -> molto bassa | E32: =Q38 -> altissima | F32: medio | G32: Processo definito con decisione collegiale | H32: Processo regolato da normativa esterna | I32: Processo regolato da autoregolamentazione | J32: Processo soggetto a controllo finale di un soggetto terzo (revisori, assemblea degli iscritti, Ministero competente, CN) | K32: Processo senza effetti economici per l’Ordine | L32: Processo senza effetti economici per i terzi | M32: Processo gestito da consigliere con delega specifica | N32: Processo del cui svolgimento viene data trasparenza sul sito istituzionale
G34: 1 | H34: 1 | I34: 1 | K34: 1 | L34: 1 | N34: 1 | P34: =SUM(G34:N34) -> 6 | Q34: molto bassa
G35: indicatori dell'impatto
G36: Lo svolgimento del processo coinvolge l’intero Consiglio dell’Ordine e i dipendenti | H36: Lo svolgimento coinvolge, in forza di delega, i ruoli apicali | I36: Esistenza negli ultimi 5 anni di procedimenti contabili, penali, amministrativi, amministrativi a carico dei Consiglieri costituenti il Consiglio al momento della valutazione | J36: Esistenza negli ultimi 5 anni di procedimenti giudiziari, civili, amministrativi a carico dei dipendenti dell’Ordine | K36: Esistenza di notizie circostanziate (stampa/ relative a illeciti commessi da Consiglieri dell’Ordine o dall’Ordine | L36: Esistenza di procedimenti disciplinare a carico di Consiglieri dell’Ordine costituenti il Consiglio al momento della valutazione | M36: Esistenza di condanne di risarcimento a carico dell’Ordine | N36: Commissariamento dell’Ordine negli ultimi 5 anni | O36: Il processo non è mappato
G38: 1 | P38: =SUM(G38:O38) -> 1 | Q38: altissima
G39: indicatori della probabilità
C40: Individuazione affidatario (selezione del contraente) | D40: =Q42 -> alta | E40: =Q46 -> alto | F40: alto | G40: Processo definito con decisione collegiale | H40: Processo regolato da normativa esterna | I40: Processo regolato da autoregolamentazione | J40: Processo soggetto a controllo finale di un soggetto terzo (revisori, assemblea degli iscritti, Ministero competente, CN) | K40: Processo senza effetti economici per l’Ordine | L40: Processo senza effetti economici per i terzi | M40: Processo gestito da consigliere con delega specifica | N40: Processo del cui svolgimento viene data trasparenza sul sito istituzionale
G42: 1 | H42: 1 | P42: =SUM(G42:N42) -> 2 | Q42: alta
G43: indicatori dell'impatto
G44: Lo svolgimento del processo coinvolge l’intero Consiglio dell’Ordine e i dipendenti | H44: Lo svolgimento coinvolge, in forza di delega, i ruoli apicali | I44: Esistenza negli ultimi 5 anni di procedimenti contabili, penali, amministrativi, amministrativi a carico dei Consiglieri costituenti il Consiglio al momento della valutazione | J44: Esistenza negli ultimi 5 anni di procedimenti giudiziari, civili, amministrativi a carico dei dipendenti dell’Ordine | K44: Esistenza di notizie circostanziate (stampa/ relative a illeciti commessi da Consiglieri dell’Ordine o dall’Ordine | L44: Esistenza di procedimenti disciplinare a carico di Consiglieri dell’Ordine costituenti il Consiglio al momento della valutazione | M44: Esistenza di condanne di risarcimento a carico dell’Ordine | N44: Commissariamento dell’Ordine negli ultimi 5 anni | O44: Il processo non è mappato
G46: 1 | P46: =SUM(G46:O46) -> 1 | Q46: alto
G47: indicatori della probabilità
C48: Conferimento incarico (contrattualizzazione) | D48: =Q50 -> basso | E48: =Q54 -> alto | F48: =IF(AND(D48="basso",E48="basso"),"basso",IF(AND(D48="basso",E48="medio"),"basso",IF(AND(D48="basso",E48="alto"),"medio",IF(AND(D48="medio",E48="basso"),"basso",IF(AND(D48="medio",E48="medio"),"medio",IF(AND(D48="medio",E48="alto"),"alto",IF(AND(D48="alto",E48="basso"),"medio",IF(AND(D48="alto",E48="medio"),"alto",IF(AND(D48="alto",E48="alto"),"alto"))))))))) -> medio | G48: Processo definito con decisione collegiale | H48: Processo regolato da normativa esterna | I48: Processo regolato da autoregolamentazione | J48: Processo soggetto a controllo finale di un soggetto terzo (revisori, assemblea degli iscritti, Ministero competente, CN) | K48: Processo senza effetti economici per l’Ordine | L48: Processo senza effetti economici per i terzi | M48: Processo gestito da consigliere con delega specifica | N48: Processo del cui svolgimento viene data trasparenza sul sito istituzionale
G50: 1 | H50: 1 | M50: 1 | N50: 1 | P50: =SUM(G50:N50) -> 4 | Q50: =IF(P50>=4,"basso",IF(P50=3,"medio",IF(P50<=2,"alto"))) -> basso
G51: indicatori dell'impatto
G52: Lo svolgimento del processo coinvolge l’intero Consiglio dell’Ordine e i dipendenti | H52: Lo svolgimento coinvolge, in forza di delega, i ruoli apicali | I52: Esistenza negli ultimi 5 anni di procedimenti contabili, penali, amministrativi, amministrativi a carico dei Consiglieri costituenti il Consiglio al momento della valutazione | J52: Esistenza negli ultimi 5 anni di procedimenti giudiziari, civili, amministrativi a carico dei dipendenti dell’Ordine | K52: Esistenza di notizie circostanziate (stampa/ relative a illeciti commessi da Consiglieri dell’Ordine o dall’Ordine | L52: Esistenza di procedimenti disciplinare a carico di Consiglieri dell’Ordine costituenti il Consiglio al momento della valutazione | M52: Esistenza di condanne di risarcimento a carico dell’Ordine | N52: Commissariamento dell’Ordine negli ultimi 5 anni | O52: Il processo non è mappato
G54: 1 | H54: 1 | P54: =SUM(G54:O54) -> 2 | Q54: alto
G55: indicatori della probabilità
C56: Valutazione corretta esecuzione (esecuzione) | D56: =Q58 -> molto bassa | E56: =Q62 -> alto | F56: medio | G56: Processo definito con decisione collegiale | H56: Processo regolato da normativa esterna | I56: Processo regolato da autoregolamentazione | J56: Processo soggetto a controllo finale di un soggetto terzo (revisori, assemblea degli iscritti, Ministero competente, CN) | K56: Processo senza effetti economici per l’Ordine | L56: Processo senza effetti economici per i terzi | M56: Processo gestito da consigliere con delega specifica | N56: Processo del cui svolgimento viene data trasparenza sul sito istituzionale
H58: 1 | L58: 1 | M58: 1 | N58: 1 | P58: =SUM(G58:N58) -> 4 | Q58: molto bassa
G59: indicatori dell'impatto
G60: Lo svolgimento del processo coinvolge l’intero Consiglio dell’Ordine e i dipendenti | H60: Lo svolgimento coinvolge, in forza di delega, i ruoli apicali | I60: Esistenza negli ultimi 5 anni di procedimenti contabili, penali, amministrativi, amministrativi a carico dei Consiglieri costituenti il Consiglio al momento della valutazione | J60: Esistenza negli ultimi 5 anni di procedimenti giudiziari, civili, amministrativi a carico dei dipendenti dell’Ordine | K60: Esistenza di notizie circostanziate (stampa/ relative a illeciti commessi da Consiglieri dell’Ordine o dall’Ordine | L60: Esistenza di procedimenti disciplinare a carico di Consiglieri dell’Ordine costituenti il Consiglio al momento della valutazione | M60: Esistenza di condanne di risarcimento a carico dell’Ordine | N60: Commissariamento dell’Ordine negli ultimi 5 anni | O60: Il processo non è mappato
H62: 1 | P62: =SUM(G62:O62) -> 1 | Q62: alto
G63: indicatori della probabilità
C64: Rendicontazione Pagamento del corrispettivo | D64: =Q66 -> basso | E64: =Q70 -> alto | F64: =IF(AND(D64="basso",E64="basso"),"basso",IF(AND(D64="basso",E64="medio"),"basso",IF(AND(D64="basso",E64="alto"),"medio",IF(AND(D64="medio",E64="basso"),"basso",IF(AND(D64="medio",E64="medio"),"medio",IF(AND(D64="medio",E64="alto"),"alto",IF(AND(D64="alto",E64="basso"),"medio",IF(AND(D64="alto",E64="medio"),"alto",IF(AND(D64="alto",E64="alto"),"alto"))))))))) -> medio | G64: Processo definito con decisione collegiale | H64: Processo regolato da normativa esterna | I64: Processo regolato da autoregolamentazione | J64: Processo soggetto a controllo finale di un soggetto terzo (revisori, assemblea degli iscritti, Ministero competente, CN) | K64: Processo senza effetti economici per l’Ordine | L64: Processo senza effetti economici per i terzi | M64: Processo gestito da consigliere con delega specifica | N64: Processo del cui svolgimento viene data trasparenza sul sito istituzionale
H66: 1 | J66: 1 | M66: 1 | N66: 1 | P66: =SUM(G66:N66) -> 4 | Q66: =IF(P66>=4,"basso",IF(P66=3,"medio",IF(P66<=2,"alto"))) -> basso
G67: indicatori dell'impatto
G68: Lo svolgimento del processo coinvolge l’intero Consiglio dell’Ordine e i dipendenti | H68: Lo svolgimento coinvolge, in forza di delega, i ruoli apicali | I68: Esistenza negli ultimi 5 anni di procedimenti contabili, penali, amministrativi, amministrativi a carico dei Consiglieri costituenti il Consiglio al momento della valutazione | J68: Esistenza negli ultimi 5 anni di procedimenti giudiziari, civili, amministrativi a carico dei dipendenti dell’Ordine | K68: Esistenza di notizie circostanziate (stampa/ relative a illeciti commessi da Consiglieri dell’Ordine o dall’Ordine | L68: Esistenza di procedimenti disciplinare a carico di Consiglieri dell’Ordine costituenti il Consiglio al momento della valutazione | M68: Esistenza di condanne di risarcimento a carico dell’Ordine | N68: Commissariamento dell’Ordine negli ultimi 5 anni | O68: Il processo non è mappato
H70: 1 | P70: =SUM(G70:O70) -> 1 | Q70: alto
G72: indicatori della probabilità
C73: Gestione fondi PNRR | D73: =Q75 -> basso | E73: =Q79 -> alto | F73: =IF(AND(D73="basso",E73="basso"),"basso",IF(AND(D73="basso",E73="medio"),"basso",IF(AND(D73="basso",E73="alto"),"medio",IF(AND(D73="medio",E73="basso"),"basso",IF(AND(D73="medio",E73="medio"),"medio",IF(AND(D73="medio",E73="alto"),"alto",IF(AND(D73="alto",E73="basso"),"medio",IF(AND(D73="alto",E73="medio"),"alto",IF(AND(D73="alto",E73="alto"),"alto"))))))))) -> medio | G73: Processo definito con decisione collegiale | H73: Processo regolato da normativa esterna | I73: Processo regolato da autoregolamentazione | J73: Processo soggetto a controllo finale di un soggetto terzo (revisori, assemblea degli iscritti, Ministero competente, CN) | K73: Processo senza effetti economici per l’Ordine | L73: Processo senza effetti economici per i terzi | M73: Processo gestito da consigliere con delega specifica | N73: Processo del cui svolgimento viene data trasparenza sul sito istituzionale
G75: 1 | H75: 1 | J75: 1 | N75: 1 | P75: =SUM(G75:N75) -> 4 | Q75: =IF(P75>=4,"basso",IF(P75=3,"medio",IF(P75<=2,"alto"))) -> basso
G76: indicatori dell'impatto
G77: Lo svolgimento del processo coinvolge l’intero Consiglio dell’Ordine e i dipendenti | H77: Lo svolgimento coinvolge, in forza di delega, i ruoli apicali | I77: Esistenza negli ultimi 5 anni di procedimenti contabili, penali, amministrativi, amministrativi a carico dei Consiglieri costituenti il Consiglio al momento della valutazione | J77: Esistenza negli ultimi 5 anni di procedimenti giudiziari, civili, amministrativi a carico dei dipendenti dell’Ordine | K77: Esistenza di notizie circostanziate (stampa/ relative a illeciti commessi da Consiglieri dell’Ordine o dall’Ordine | L77: Esistenza di procedimenti disciplinare a carico di Consiglieri dell’Ordine costituenti il Consiglio al momento della valutazione | M77: Esistenza di condanne di risarcimento a carico dell’Ordine | N77: Commissariamento dell’Ordine negli ultimi 5 anni | O77: Il processo non è mappato
P79: 0 | Q79: alto
F81: Motivazione Giudizio Medio attribuito | G81: Gli affidamenti sono di importo ridotto alla luce dei bilanci dell'ente e rientrano tutti nelle soglie previste per l'affidamento diretto. Le procedure sono disciplinate dalle norme sull’acquisizione dei beni e servizi così come stabilito dal codice degli appalti e dei contratti pubblici. L’Ordine procede sempre con affidamenti sotto soglia attraverso l’acquisizione di preventivi previa indicazione degli elementi fondamentali suggeriti dal Consiglio collegialmente e con motivazione. Ciascuna delibera/determina di affidamento reca indicazione sulle modalità di scelta, sull’attività richiesta, sui requisiti, sul pagamento; reca inoltre indicazione della capienza di bilancio. In considerazione dell’utilizzo di risorse il processo viene mappato a rischiosità media. Si consideri inoltre i ridotti importi che sono oggetto di fondi PNRR utilizzati dall'ordine
A83: C-C | B83: Provvedimenti senza effetto economico diretto (vedi area rischi specifici) | D83: VALORE PROBABILITÀ | E83: VALORE IMPATTO | F83: GIUDIZIO DI RISCHIOSITA’ | G83: indicatori della probabilità
C84: Tenuta dell’albo Rilascio di certificazioni e attestazioni | D84: =Q86 -> basso | E84: =Q90 -> alto | F84: =IF(AND(D84="basso",E84="basso"),"basso",IF(AND(D84="basso",E84="medio"),"basso",IF(AND(D84="basso",E84="alto"),"medio",IF(AND(D84="medio",E84="basso"),"basso",IF(AND(D84="medio",E84="medio"),"medio",IF(AND(D84="medio",E84="alto"),"alto",IF(AND(D84="alto",E84="basso"),"medio",IF(AND(D84="alto",E84="medio"),"alto",IF(AND(D84="alto",E84="alto"),"alto"))))))))) -> medio | G84: Processo definito con decisione collegiale | H84: Processo regolato da normativa esterna | I84: Processo regolato da autoregolamentazione | J84: Processo soggetto a controllo finale di un soggetto terzo (revisori, assemblea degli iscritti, Ministero competente, CN) | K84: Processo senza effetti economici per l’Ordine | L84: Processo senza effetti economici per i terzi | M84: Processo gestito da consigliere con delega specifica | N84: Processo del cui svolgimento viene data trasparenza sul sito istituzionale
G86: 1 | H86: 1 | K86: 1 | L86: 1 | P86: =SUM(G86:N86) -> 4 | Q86: =IF(P86>=4,"basso",IF(P86=3,"medio",IF(P86<=2,"alto"))) -> basso
G87: indicatori dell'impatto
G88: Lo svolgimento del processo coinvolge l’intero Consiglio dell’Ordine e i dipendenti | H88: Lo svolgimento coinvolge, in forza di delega, i ruoli apicali | I88: Esistenza negli ultimi 5 anni di procedimenti contabili, penali, amministrativi, amministrativi a carico dei Consiglieri costituenti il Consiglio al momento della valutazione | J88: Esistenza negli ultimi 5 anni di procedimenti giudiziari, civili, amministrativi a carico dei dipendenti dell’Ordine | K88: Esistenza di notizie circostanziate (stampa/ relative a illeciti commessi da Consiglieri dell’Ordine o dall’Ordine | L88: Esistenza di procedimenti disciplinare a carico di Consiglieri dell’Ordine costituenti il Consiglio al momento della valutazione | M88: Esistenza di condanne di risarcimento a carico dell’Ordine | N88: Commissariamento dell’Ordine negli ultimi 5 anni | O88: Il processo non è mappato
G90: 1 | H90: 1 | P90: =SUM(G90:O90) -> 2 | Q90: alto
F92: Motivazione Giudizio Medio attribuito | G92: I processi sono regolamentati dalla normativa di riferimento e dalla normativa disciplinante l’albo unico. L'utilizzo del protocollo ottimizza la gesrion del processo di controllo
D94: VALORE PROBABILITÀ | E94: VALORE IMPATTO | F94: GIUDIZIO DI RISCHIOSITA’ | G94: indicatori della probabilità
A95: C-D | B95: Provvedimenti con effetto economico diretto ed immediato | C95: Erogazione di sovvenzioni e contributi | D95: =Q97 -> alto | E95: =Q101 -> alto | F95: =IF(AND(D95="basso",E95="basso"),"basso",IF(AND(D95="basso",E95="medio"),"basso",IF(AND(D95="basso",E95="alto"),"medio",IF(AND(D95="medio",E95="basso"),"basso",IF(AND(D95="medio",E95="medio"),"medio",IF(AND(D95="medio",E95="alto"),"alto",IF(AND(D95="alto",E95="basso"),"medio",IF(AND(D95="alto",E95="medio"),"alto",IF(AND(D95="alto",E95="alto"),"alto"))))))))) -> alto | G95: Processo definito con decisione collegiale | H95: Processo regolato da normativa esterna | I95: Processo regolato da autoregolamentazione | J95: Processo soggetto a controllo finale di un soggetto terzo (revisori, assemblea degli iscritti, Ministero competente, CN) | K95: Processo senza effetti economici per l’Ordine | L95: Processo senza effetti economici per i terzi | M95: Processo gestito da consigliere con delega specifica | N95: Processo del cui svolgimento viene data trasparenza sul sito istituzionale
G97: 1 | N97: 1 | P97: =SUM(G97:N97) -> 2 | Q97: =IF(P97>=4,"basso",IF(P97=3,"medio",IF(P97<=2,"alto"))) -> alto
G98: indicatori dell'impatto
G99: Lo svolgimento del processo coinvolge l’intero Consiglio dell’Ordine e i dipendenti | H99: Lo svolgimento coinvolge, in forza di delega, i ruoli apicali | I99: Esistenza negli ultimi 5 anni di procedimenti contabili, penali, amministrativi, amministrativi a carico dei Consiglieri costituenti il Consiglio al momento della valutazione | J99: Esistenza negli ultimi 5 anni di procedimenti giudiziari, civili, amministrativi a carico dei dipendenti dell’Ordine | K99: Esistenza di notizie circostanziate (stampa/ relative a illeciti commessi da Consiglieri dell’Ordine o dall’Ordine | L99: Esistenza di procedimenti disciplinare a carico di Consiglieri dell’Ordine costituenti il Consiglio al momento della valutazione | M99: Esistenza di condanne di risarcimento a carico dell’Ordine | N99: Commissariamento dell’Ordine negli ultimi 5 anni | O99: Il processo non è mappato
G101: 1 | H101: 1 | P101: =SUM(G101:O101) -> 2 | Q101: alto
G102: indicatori della probabilità
C103: Erogazione liberali enti, associazioni, federazioni, Coordinamento, Consulte, Fondazioni | D103: =Q105 -> bassa | E103: =Q109 -> alto | F103: medio | G103: Processo definito con decisione collegiale | H103: Processo regolato da normativa esterna | I103: Processo regolato da autoregolamentazione | J103: Processo soggetto a controllo finale di un soggetto terzo (revisori, assemblea degli iscritti, Ministero competente, CN) | K103: Processo senza effetti economici per l’Ordine | L103: Processo senza effetti economici per i terzi | M103: Processo gestito da consigliere con delega specifica | N103: Processo del cui svolgimento viene data trasparenza sul sito istituzionale
G105: 1 | I105: 1 | J105: 1 | N105: 1 | P105: =SUM(G105:N105) -> 4 | Q105: bassa
G106: indicatori dell'impatto
G107: Lo svolgimento del processo coinvolge l’intero Consiglio dell’Ordine e i dipendenti | H107: Lo svolgimento coinvolge, in forza di delega, i ruoli apicali | I107: Esistenza negli ultimi 5 anni di procedimenti contabili, penali, amministrativi, amministrativi a carico dei Consiglieri costituenti il Consiglio al momento della valutazione | J107: Esistenza negli ultimi 5 anni di procedimenti giudiziari, civili, amministrativi a carico dei dipendenti dell’Ordine | K107: Esistenza di notizie circostanziate (stampa/ relative a illeciti commessi da Consiglieri dell’Ordine o dall’Ordine | L107: Esistenza di procedimenti disciplinare a carico di Consiglieri dell’Ordine costituenti il Consiglio al momento della valutazione | M107: Esistenza di condanne di risarcimento a carico dell’Ordine | N107: Commissariamento dell’Ordine negli ultimi 5 anni | O107: Il processo non è mappato
G109: 1 | H109: 1 | P109: =SUM(G109:O109) -> 2 | Q109: alto
F111: Motivazione Giudizio Medio/Alto attribuito | G111: Eventuali sovvenzioni e contributi sono decisi con delibera motivata del Consiglio e sono vagliati dall’organo di revisione
D113: VALORE PROBABILITÀ | E113: VALORE IMPATTO | F113: GIUDIZIO DI RISCHIOSITA’ | G113: indicatori della probabilità
A114: S-A2 | B114: Attribuzione CFP | C114: Attribuzione crediti | D114: =Q116 -> basso | E114: =Q120 -> alto | F114: =IF(AND(D114="basso",E114="basso"),"basso",IF(AND(D114="basso",E114="medio"),"basso",IF(AND(D114="basso",E114="alto"),"medio",IF(AND(D114="medio",E114="basso"),"basso",IF(AND(D114="medio",E114="medio"),"medio",IF(AND(D114="medio",E114="alto"),"alto",IF(AND(D114="alto",E114="basso"),"medio",IF(AND(D114="alto",E114="medio"),"alto",IF(AND(D114="alto",E114="alto"),"alto"))))))))) -> medio | G114: Processo definito con decisione collegiale | H114: Processo regolato da normativa esterna | I114: Processo regolato da autoregolamentazione | J114: Processo soggetto a controllo finale di un soggetto terzo (revisori, assemblea degli iscritti, Ministero competente, CN) | K114: Processo senza effetti economici per l’Ordine | L114: Processo senza effetti economici per i terzi | M114: Processo gestito da consigliere con delega specifica | N114: Processo del cui svolgimento viene data trasparenza sul sito istituzionale
H116: 1 | J116: 1 | K116: 1 | L116: 1 | P116: =SUM(G116:N116) -> 4 | Q116: =IF(P116>=4,"basso",IF(P116=3,"medio",IF(P116<=2,"alto"))) -> basso
G117: indicatori dell'impatto
G118: Lo svolgimento del processo coinvolge l’intero Consiglio dell’Ordine e i dipendenti | H118: Lo svolgimento coinvolge, in forza di delega, i ruoli apicali | I118: Esistenza negli ultimi 5 anni di procedimenti contabili, penali, amministrativi, amministrativi a carico dei Consiglieri costituenti il Consiglio al momento della valutazione | J118: Esistenza negli ultimi 5 anni di procedimenti giudiziari, civili, amministrativi a carico dei dipendenti dell’Ordine | K118: Esistenza di notizie circostanziate (stampa/ relative a illeciti commessi da Consiglieri dell’Ordine o dall’Ordine | L118: Esistenza di procedimenti disciplinare a carico di Consiglieri dell’Ordine costituenti il Consiglio al momento della valutazione | M118: Esistenza di condanne di risarcimento a carico dell’Ordine | N118: Commissariamento dell’Ordine negli ultimi 5 anni | O118: Il processo non è mappato
P120: =SUM(G120:O120) -> 0 | Q120: alto
D122: VALORE PROBABILITÀ | E122: VALORE IMPATTO | F122: GIUDIZIO DI RISCHIOSITA’ | G122: indicatori della probabilità
A123: S-A 4 | B123: Organizzazione in proprio di formazione professionale continua | C123: Disamina POF e singola proposta didattica, istruttoria e decisione | D123: =Q125 -> alta | E123: =Q129 -> alto | F123: alto | G123: Processo definito con decisione collegiale | H123: Processo regolato da normativa esterna | I123: Processo regolato da autoregolamentazione | J123: Processo soggetto a controllo finale di un soggetto terzo (revisori, assemblea degli iscritti, Ministero competente, CN) | K123: Processo senza effetti economici per l’Ordine | L123: Processo senza effetti economici per i terzi | M123: Processo gestito da consigliere con delega specifica | N123: Processo del cui svolgimento viene data trasparenza sul sito istituzionale
G125: 1 | H125: 1 | P125: =SUM(G125:N125) -> 2 | Q125: alta
G126: indicatori dell'impatto
G127: Lo svolgimento del processo coinvolge l’intero Consiglio dell’Ordine e i dipendenti | H127: Lo svolgimento coinvolge, in forza di delega, i ruoli apicali | I127: Esistenza negli ultimi 5 anni di procedimenti contabili, penali, amministrativi, amministrativi a carico dei Consiglieri costituenti il Consiglio al momento della valutazione | J127: Esistenza negli ultimi 5 anni di procedimenti giudiziari, civili, amministrativi a carico dei dipendenti dell’Ordine | K127: Esistenza di notizie circostanziate (stampa/ relative a illeciti commessi da Consiglieri dell’Ordine o dall’Ordine | L127: Esistenza di procedimenti disciplinare a carico di Consiglieri dell’Ordine costituenti il Consiglio al momento della valutazione | M127: Esistenza di condanne di risarcimento a carico dell’Ordine | N127: Commissariamento dell’Ordine negli ultimi 5 anni | O127: Il processo non è mappato
G129: 1 | P129: =SUM(G129:O129) -> 1 | Q129: alto
D131: VALORE PROBABILITÀ | E131: VALORE IMPATTO | F131: GIUDIZIO DI RISCHIOSITA’ | G131: indicatori della probabilità
A132: S-A 1 | B132: Esame e valutazione delle offerte formative | D132: =Q134 -> medio | E132: =Q138 -> alto | F132: =IF(AND(D132="basso",E132="basso"),"basso",IF(AND(D132="basso",E132="medio"),"basso",IF(AND(D132="basso",E132="alto"),"medio",IF(AND(D132="medio",E132="basso"),"basso",IF(AND(D132="medio",E132="medio"),"medio",IF(AND(D132="medio",E132="alto"),"alto",IF(AND(D132="alto",E132="basso"),"medio",IF(AND(D132="alto",E132="medio"),"alto",IF(AND(D132="alto",E132="alto"),"alto"))))))))) -> alto | G132: Processo definito con decisione collegiale | H132: Processo regolato da normativa esterna | I132: Processo regolato da autoregolamentazione | J132: Processo soggetto a controllo finale di un soggetto terzo (revisori, assemblea degli iscritti, Ministero competente, CN) | K132: Processo senza effetti economici per l’Ordine | L132: Processo senza effetti economici per i terzi | M132: Processo gestito da consigliere con delega specifica | N132: Processo del cui svolgimento viene data trasparenza sul sito istituzionale
G134: 1 | K134: 1 | M134: 1 | P134: =SUM(G134:N134) -> 3 | Q134: =IF(P134>=4,"basso",IF(P134=3,"medio",IF(P134<=2,"alto"))) -> medio
G135: indicatori dell'impatto
G136: Lo svolgimento del processo coinvolge l’intero Consiglio dell’Ordine e i dipendenti | H136: Lo svolgimento coinvolge, in forza di delega, i ruoli apicali | I136: Esistenza negli ultimi 5 anni di procedimenti contabili, penali, amministrativi, amministrativi a carico dei Consiglieri costituenti il Consiglio al momento della valutazione | J136: Esistenza negli ultimi 5 anni di procedimenti giudiziari, civili, amministrativi a carico dei dipendenti dell’Ordine | K136: Esistenza di notizie circostanziate (stampa/ relative a illeciti commessi da Consiglieri dell’Ordine o dall’Ordine | L136: Esistenza di procedimenti disciplinare a carico di Consiglieri dell’Ordine costituenti il Consiglio al momento della valutazione | M136: Esistenza di condanne di risarcimento a carico dell’Ordine | N136: Commissariamento dell’Ordine negli ultimi 5 anni | O136: Il processo non è mappato
G138: 1 | H138: 1 | P138: =SUM(G138:O138) -> 2 | Q138: alto
A140: S-A 3 | B140: Autorizzazione a formazione a provider professionale erogata da terzi | D140: VALORE PROBABILITÀ | E140: VALORE IMPATTO | F140: GIUDIZIO DI RISCHIOSITA’ | G140: indicatori della probabilità
C141: Vigilanza | D141: =Q143 -> basso | E141: =Q147 -> alto | F141: =IF(AND(D141="basso",E141="basso"),"basso",IF(AND(D141="basso",E141="medio"),"basso",IF(AND(D141="basso",E141="alto"),"medio",IF(AND(D141="medio",E141="basso"),"basso",IF(AND(D141="medio",E141="medio"),"medio",IF(AND(D141="medio",E141="alto"),"alto",IF(AND(D141="alto",E141="basso"),"medio",IF(AND(D141="alto",E141="medio"),"alto",IF(AND(D141="alto",E141="alto"),"alto"))))))))) -> medio | G141: Processo definito con decisione collegiale | H141: Processo regolato da normativa esterna | I141: Processo regolato da autoregolamentazione | J141: Processo soggetto a controllo finale di un soggetto terzo (revisori, assemblea degli iscritti, Ministero competente, CN) | K141: Processo senza effetti economici per l’Ordine | L141: Processo senza effetti economici per i terzi | M141: Processo gestito da consigliere con delega specifica | N141: Processo del cui svolgimento viene data trasparenza sul sito istituzionale
G143: 1 | H143: 1 | K143: 1 | L143: 1 | P143: =SUM(G143:N143) -> 4 | Q143: =IF(P143>=4,"basso",IF(P143=3,"medio",IF(P143<=2,"alto"))) -> basso
G144: indicatori dell'impatto
...

Sheet Mappatura processi C-A
A1: Mappatura PROCESSI-ATTIVITA | I1: Identificazione, analisi e valutazione del rischio corruttivo | N1: TRATTAMENTO DEL RISCHIO
A2: AREA DI RISCHIO | B2: N. PROCESSO | C2: DESCRIZIONE PROCESSO | D2: N_Attività | E2: DESCRIZIONE ATTIVITA' | F2: Esecutore Azione (in ogni cella è presente un menù a tendina) | G2: Attività vincolata vs attività discrezionale | H2: Tipologia di attività (Disciplinata da /*scelta da menù a tendina*/) | I2: DESCRIZIONE DEL COMPORTAMENTO A RISCHIO CORRUZIONE (EVENTO A RISCHIO) | J2: FATTORI ABILITANTI L'EVENTO RISCHIOSO | K2: VALUTAZIONE DEL RISCHIO | N2: MISURE GIA' ADOTTATE | O2: MISURE SPECIFICHE | P2: TIPOLOGIA MISURE SPECIFICHE | Q2: PROGRAMMAZIONE MISURA SPECIFICA
K3: IMPATTO | L3: PROBABILITA' | M3: RISULTATO (IMPATTO x PROBABILITA') | Q3: STATO DI ATTUAZIONE AL 1° GENNAIO 2026 | R3: TEMPI DI ATTUAZIONE | S3: INDICATORI DI ATTUAZIONE | T3: TEMPI DI MONITORAGGIO | U3: SOGGETTO RESPONSABILE
A4: ACQUISIZIONE E GESTIONE DEL PERSONALE: CONCORSI E SELEZIONE | B4: 1 | C4: Svolgimento di concorsi pubblici = Accesso dall’esterno mediante procedure concorsuali (anche per progressioni verticali) | D4: 1.1 | E4: Individuazione del fabbisogno del personale | F4: Consiglio | G4: Vincolata | H4: Normativa | I4: Insussistenza del fabbisogno reale o mancanza della copertura economica per nuove acquisizioni | J4: mancanza di trasparenza mancanza di controlli relativi agli eventi rischiosi | K4: Alto | L4: Molto bassa | M4: Medio | N4: Trasparenza tramite comunicazione a CN e DFP Condivisione con Tesoriere e Collegio Revisori Adozione di una specifica delibera ricognitiva delle eccedenze del personale e/o Piano dei fabbisogni | O4: NI | P4: NI | Q4: già attuata | R4: Annuale | S4: verifica adozione - riscontro CN/DFP | T4: Annuale | U4: Consiglio
D5: 1.2 | E5: Valutazione della modalità di reclutamento | F5: Consiglio | G5: Discrezionale | H5: Normativa | I5: Modalità non conforme ai principi del D.Lgs. 165/2001 | J5: mancanza di trasparenza | N5: Decisione collegiale | O5: NA | P5: NA | Q5: già attuata | R5: NA | S5: NA | T5: NA | U5: NA
D6: 1.3 | E6: Predisposizione del bando di concorso e/o avvisi di selezione | F6: Presidente | G6: Discrezionale | H6: Normativa | I6: Previsione di requisiti di accesso "personalizzati" ed insufficienza di meccanismi oggettivi e trasparenti idonei a verificare il possesso dei requisiti attitudinali e professionali richiesti in relazione alla posizione da ricoprire allo scopo di reclutare candidati particolari | J6: mancanza di trasparenza mancanza di controlli relativi agli eventi rischiosi | N6: Decisione collegiale Procedura scritta (bando di concorso) | O6: Trasparenza tramite Pubblicazione in AT Impiego di un team di lavoro più che di risorse individuali su temi particolarmente complessi (supporto consulenze specialistiche) | P6: DI TRASPARENZA DI SENSIBILIZZAZIONE E PARTECIPAZIONE | Q6: in attuazione | R6: nel corso del triennio | S6: Pubblicazione sul sito | T6: Annuale | U6: Consiglio
D7: 1.4 | E7: Nomina commissione esaminatrice | F7: Consiglio | G7: Discrezionale | H7: Normativa/ Regolamento interno dell’Ufficio | I7: Scelta dei Commissari al fine di favorire uno o più candidati predenterminati Omessa raccolta o verifica delle dichiarazioni dei Commissari sulla assenza di conflitto di interessi all'esito della consultazione della lista dei candidati | J7: mancanza di trasparenza | N7: Decisione collegiale | O7: Adozione/aggiornamento dei criteri per l'individuazione dei Commissari Acquisizione e verifica dichiarazioni: 1. Verifica a campione da parte del RPCT sul rilascio delle dichiarazione in sede di insediamento della commissione 2. Verifica sul contenuto di tutte le dichiarazioni, in sede di insediamento della commissione 3. Utilizzo di apposita modulistica per il rilascio delle dichiarazioni di assenza dei conflitti d'interesse | P7: DI REGOLAMENTAZIONE DI CONTROLLO | Q7: in attuazione | R7: nel corso del triennio | S7: Adozione atto regolatorio Verifica a campione | T7: Annuale | U7: Consiglio
D8: 1.5 | E8: Svolgimento delle prove concorsuali e valutazione dei titoli | F8: Consiglio | G8: Discrezionale | H8: Normativa/ Regolamento interno dell’Ufficio | I8: Svolgimento della prova orale in mancanza di testimoni | J8: mancanza di trasparenza | N8: Verifica collegiale | O8: Previsione dell'obbligo della presenza di almeno due testimoni durante lo svolgimento della prova orale, da reclutare eventualmente anche tra i dipendenti dell'ente | P8: DI CONTROLLO | Q8: in attuazione | R8: In occasione di ogni procedura selettiva | S8: n. di prove orali svolte alla presenza di testimoni/totale delle prove orali svolte | T8: Nel triennio | U8: Presidente
D9: 1.6 | E9: Approvazione della graduatoria | F9: Consiglio | G9: Vincolata | H9: Normativa | I9: Ingerenze esterne nel processo formativo della graduatoria all'esito della prova orale e/o ritardata pubblicazione dell'esito della prova orale | J9: mancanza di trasparenza mancanza di controlli relativi agli eventi rischiosi | N9: Decisione collegiale | O9: Previsione dell'obbligo di pubblicazione dell'esito della prova orale tempestivamente, e comunque non oltre il termine della giornata di svolgimento della prova in linea con le previsioni di cui all'art. 19 dlgs 33/2013 che impone la pubblicazione tempestiva di tutti gli atti della procedura | P9: DI TRASPARENZA | Q9: in attuazione | R9: in occasione di ogni procedura selettiva | S9: Pubblicazione degli esiti della prova orale nei termini (si/no) | T9: Nel triennio | U9: Presidente
B10: 2 | C10: Gestione benefici contrattuali (per es. Riconoscimento permessi) | D10: 2.1 | E10: Valutazione delle istanze ai fini del riconoscimento | F10: Presidente | G10: discrezionale | H10: Normativa/ Regolamento interno dell’Ufficio | I10: Insufficienza di meccanismi oggettivi e trasparenti di valutazione allo scopo di favorire dipendenti particolari | J10: esercizio prolungato ed esclusivo della responsabilità di un processo da parte di pochi o di un unico soggetto | K10: Alto | L10: Bassa | M10: Medio | N10: Decisione collegiale Riunioni periodiche tra dirigente/consigliere e personale dell'ufficio per finalità di condivisione ed aggiornamento delle attività in corso | O10: NA | P10: NA | Q10: già attuata | R10: NA | S10: NA | T10: NA | U10: NA
B11: 3 | C11: Pagamento lavoro straordinario | D11: 3.1 | E11: Liquidazione importo | F11: Presidente | G11: discrezionale | H11: Normativa | I11: Riconoscimento importi non dovuti | J11: esercizio prolungato ed esclusivo della responsabilità di un processo da parte di pochi o di un unico soggetto | K11: Altissimo | L11: Molto bassa | M11: Medio | N11: Verifica dell'avvio dell'istruttoria a cura del dirigente/consigliere Riunioni periodiche tra dirigente/consigliere e personale dell'ufficio per finalità di condivisione ed aggiornamento delle attività in corso | O11: Informatizzazione del processo istruttorio e/o utilizzo di un gestionale per il monitoraggio delle attività | P11: DI SEMPLIFICAZIONE | Q11: in attuazione | R11: NA | S11: NA | T11: NA | U11: NA
B12: 4 | C12: Rilevamento presenze | D12: 4.1 | E12: Gestione conteggio ore | F12: Presidente | G12: discrezionale | H12: Normativa/ Regolamento interno dell’Ufficio | I12: Presenze erroneamente rilevate per favorire dipendenti particolari | J12: mancanza di controlli relativi agli eventi rischiosi | K12: Altissimo | L12: Molto bassa | M12: Medio | N12: Report periodici al Consiglio | O12: Informatizzazione del processo istruttorio e/o utilizzo di un gestionale per il monitoraggio delle attività Trasparenza tramite Pubblicazione in AT | P12: DI SEMPLIFICAZIONE DI TRASPARENZA | Q12: in attuazione | R12: nel corso del triennio | S12: numero di controlli effettuati su numero di pratiche/provvedimenti/etc | T12: a campione | U12: Consiglio
B13: 5 | C13: Premi retributivi e progressione economiche o di carriera | D13: 5.1 | E13: Riconoscimento premio/valutazione modalità | F13: Consiglio | G13: discrezionale | H13: Normativa | I13: progressioni economiche o di carriera accordate illegittimamente allo scopo di agevolare dipendenti/candidati particolari Omessa o scarsa predeterminazione di criteri e limiti al conferimento delle progressioni di carriera al fine di favorire determinati dipendenti | J13: mancanza di trasparenza | K13: Alto | L13: Bassa | M13: Medio | N13: Trasparenza tramite Pubblicazione in AT Decisione collegiale Riunioni periodiche tra dirigente/consigliere e personale dell'ufficio per finalità di condivisione ed aggiornamento delle attività Inserimento della programmazione delle progressioni veriticali nel Piano dei Fabbisogni Previsione di criteri predefiniti che limitino la discrezionalità dell'Ente, quali titoli di servizio, titoli di studio e anzianità di servizio, facendo sì che nessun criterio sia in assoluto preminente sull'altro in corso | O13: Contrattazione integrativa/procedura di valutazione Verifica da parte del RPCT dell'individuazione dei criteri per le progressioni orizzontali nell'ambito della contrattazione decentrata | P13: DI REGOLAMENTAZIONE DI CONTROLLO | Q13: in attuazione | R13: nel corso del triennio | S13: verifica adozione di un determinato regolamento/procedura | T13: Annuale | U13: Presidente
B14: 6 | C14: Conferimento di incarichi di collaborazione | D14: 6.1 | E14: Individuazione del professionista | F14: Consiglio | G14: discrezionale | H14: Normativa/ Regolamento interno dell’Ufficio | I14: motivazione generica e tautologica circa la sussistenza dei presupposti di legge per il conferimento di incarichi professionali allo scopo di agevolare soggetti particolari Mancata o carente definizione dei criteri e delle procedure per l'affidamento degli incarichi Mancata verifica circa l'assenza di motivi di incompatibilità previsti dalla legge ovvero legati ad interessi di qualunque natura con riferimento all’incaricato individuato e all’oggetto dell’incarico | J14: mancanza di trasparenza | K14: Alto | L14: Bassa | M14: Medio | N14: Verifica Conflitto interessi Trasparenza tramite Pubblicazione in AT | O14: Implementazione piattaforma PerlaPa e valutazione CV Adozione procedura/regolamento per l'affidamento di incarichi | P14: DI TRASPARENZA DI REGOLAMENTAZIONE | Q14: in attuazione | R14: 46203 | S14: Pubblicazione sul sito Verifica adozione di un determinato regolamento/procedura | T14: Semestrale | U14: Consiglio
B15: 7 | C15: Attingimento da graduatoria di altri Enti | D15: 7.1 | F15: Consiglio | G15: discrezionale | H15: Normativa/ Regolamento interno dell’Ufficio | I15: Individuazione pilotata della graduatoria per condizionare la scelta del candidato da assumere | J15: mancanza di controlli relativi agli eventi rischiosi | N15: Utilizzo INPA | O15: Previsione di una disposizione in atto interno che stabilisca i criteri di selezione della graduatoria di altri enti da cui attingere, secondo un ordine di priorità oggettivo e predeterminato (es.enti della Provincia e in subordine della Regione di riferimento; la distanza kilometrica dal capoluogo) | P15: DI REGOLAMENTAZIONE | Q15: in attuazione | R15: nel corso del triennio | S15: Inserimento della disposizione regolamentare (si/no) | T15: Annuale | U15: Consiglio
B16: 8 | C16: Mobilità volontaria | D16: 8.1 | F16: Consiglio | G16: vincolata | H16: Normativa | I16: Omessa o scarsa previsione nel bando/avviso di criteri oggettivi predeterminati rispetto alle effettive esigenze dell'ente anche al fine di favorire candidati prederminati | J16: mancanza di controlli relativi agli eventi rischiosi | N16: Utilizzo INPA | O16: Verifica a campione da parte del RPCT della previsione nel bando/avviso di criteri oggettivi predeterminati rispetto alle effettive esigenze dell'ente anche sulla base del piano dei fabbisogni | P16: DI CONTROLLO | Q16: in attuazione | R16: in occasione di ogni procedura di mobilità | S16: n. bandi/avvisi contenenti criteri oggettivi predeterminati rispetto alle effettive esigenze dell'ente oggetto del campione /n. totale bandi/avvisi | T16: Annuale | U16: Consiglio
F18: Azioni riconducibili ad attività di altri o a soggetti esterni
B19: Azioni riconducibili ad attività di altri | F19: Non Applicabile
F20: Non Individuata

Sheet Mappatura processi C-B
A1: Mappatura PROCESSI-ATTIVITA' | I1: Identificazione, analisi e valutazione del rischio corruttivo | N1: TRATTAMENTO DEL RISCHIO
A2: AREA DI RISCHIO | B2: N. PROCESSO | C2: DESCRIZIONE PROCESSO | D2: N_Attività | E2: DESCRIZIONE ATTIVITA' | F2: Esecutore Azione (in ogni cella è presente un menù a tendina) | G2: Attività vincolata vs attività discrezionale | H2: Tipologia di attività (Disciplinata da /*scelta da menù a tendina*/) | I2: DESCRIZIONE DEL COMPORTAMENTO A RISCHIO CORRUZIONE (EVENTO A RISCHIO) | J2: FATTORI ABILITANTI L'EVENTO RISCHIOSO | K2: VALUTAZIONE DEL RISCHIO | N2: MISURE GIA' ADOTTATE | O2: MISURE SPECIFICHE | P2: TIPOLOGIA MISURE SPECIFICHE | Q2: PROGRAMMAZIONE MISURA SPECIFICA
K3: IMPATTO | L3: PROBABILITA' | M3: RISULTATO (IMPATTO x PROBABILITA') | Q3: STATO DI ATTUAZIONE AL 1° GENNAIO 2026 | R3: TEMPI DI ATTUAZIONE | S3: INDICATORI DI ATTUAZIONE | T3: TEMPI DI MONITORAGGIO | U3: SOGGETTO RESPONSABILE
A4: CONTRATTI PUBBLICI | B4: 1 | C4: Affidamento diretto | D4: 1.1 | E4: Scelta dell'OE | F4: Consiglio | G4: discrezionale | H4: Prassi dell’Ufficio | I4: Possibile incremento del rischio di frazionamento artificioso oppure che il calcolo del valore stimato dell’appalto sia alterato in modo tale da non superare il valore previsto per l’affidamento diretto Possibili affidamenti ricorrenti al medesimo operatore economico della stessa tipologia di Common procurement vocabulary (CPV), quando, in particolare, la somma di tali affidamenti superi la soglia di 140 mila euro Mancata rotazione degli operatori economici, secondo il criterio dei successivi due affidamenti ex art. 49, commi 2 e 4 del Codice, chiamati a partecipare | J4: mancanza di trasparenza - scarsa responsabilizzazione interna - inadeguatezza o assenza di competenze del personale addetto ai processi - inadeguata diffusione della cultura della legalità | K4: Alto | L4: Alta | M4: Alto | N4: Modelli dichiarazioni assenza conflitto interessi Utilizzo di clausole standard conformi alla normativa per garantire la tracciabilità dei pagamenti e la risoluzione dei contratti in caso di gravi inosservanze /per es. rispetto al codice di comportamento o ai patti di integrità Obbligo di indicazione nella determina a contrarre dell'importo stimato o presunto del contratto | O4: Verifica da parte della struttura di auditing o di altro soggetto appositamente individuato all’interno della SA circa la corretta attuazione del principio di rotazione Analisi di tutti gli affidamenti il cui importo è appena inferiore alla soglia minima a partire dalla quale non si potrebbe più ricorrere all’affidamento diretto Analisi degli operatori economici per verificare quelli che in un determinato arco temporale risultano come gli affidatari più ricorrenti Analisi, in base al Common procurement vocabulary (CPV), degli affidamenti posti in essere al fine di verificare se gli operatori economici aggiudicatari siano sempre i medesimi e se gli affidamenti della stessa natura siano stati artificiosamente frazionati Formazione specialistica sulle tematiche di competenza | P4: DI CONTROLLO DI FORMAZIONE | Q4: da attuare | R4: 46387 | S4: Verifica a campione affidamenti in deroga dal valore appena inferiore alla soglia minima | T4: Annuale | U4: Tesoriere/RUP
B5: 2 | C5: Programmazione | D5: 2.1 | E5: Programmazione fabbisogno con delibera di pianificazione/programmazione/relazione progettuale semplificata | F5: Consiglio | G5: discrezionale | H5: Normativa/ Regolamento interno dell’Ufficio | I5: •Alterazione del fabbisogno effettivo per favorire operatori economici •Definizione di un fabbisogno non rispondente ai criteri di efficienza/ efficacia/economicità Possibile alterazione dei valori stimati per gli affidamenti, con conseguente frazionamento, al fine di non superare le soglie di cui all'art. 14 del dl.vo 36/2023 o del valore stimato e/o frazionamento della concessione effettuata con l’intenzione di escludere tale concessione dall’ambito di applicazione del codice. | J5: mancata attuazione del principio di distinzione tra politica e amministrazione | K5: Altissimo | L5: Molto bassa | M5: Medio | N5: Decisione di Consiglio quando vengono riscontrate le necessità Per affidamenti superiori a 140.000: applicazione del Codice dei Contratti Per affidamenti di importo inferiore a 140,000: valutazione consiliare del fabbisognovalutazione economica e verifica disponibilità di bilancio | O5: Adozione programmazione/pianificazione e/o regolamento interno Audit interni su fabbisogno e/o adozione di procedure tracciate per la rilevazione dei fabbisogni Obbligo di documentare il calcolo del valore stimato del contratto | P5: DI REGOLAMENTAZIONE DI CONTROLLO | Q5: attuata | R5: 46387 | S5: Verifica adozione di un determinato regolamento/procedura Pubblicazione sul sito | T5: Annuale | U5: Tesoriere/RUP
B6: 3 | C6: Progettazione della gara | D6: 3.1 | E6: Predisposizione degli atti di gara | F6: Consiglio | G6: discrezionale | H6: Normativa/ Regolamento interno dell’Ufficio | I6: Scelta della strategia di acquisizione in elusione delle regole di affidamento del contratto (ad esempio, concessione in luogo di appalto o procedure negoziate e affidamenti diretti tesi a selezionare uno specifico operatore, scelte tecniche finalizzate a restringere la concorrenza) Gestione del conflitto di interessi in fase di progettazione dell'affidamento Ricorso a proroghe e rinnovi non consentiti e/o in assenza dei presupposti. Ricorso a rinnovo tacito, ovvero il rinnovo effettuato senza emanazione di un provvedimento espresso, inammissibile nel nostro ordinamento | J6: mancanza di controlli relativi agli eventi rischiosi | K6: Alto | L6: Bassa | M6: Medio | N6: Utilizzo di sistemi informatizzati/PAD Obbligo di motivazione nella determina a contrarre in ordine sia alla scelta della procedura sia alla scelta del sistema di affidamento adottato ovvero alla tipologia contrattuale Modelli dichiarazioni assenza conflitto interessi Utilizzo di clausole standard conformi alla normativa per garantire la tracciaibilità dei pagamenti e la risoluzione dei contratti in caso di gravi inosservanze /per es. rispetto al codice di comportamento o ai patti di integrità Obbligo di indicazione nella determina a contrarre dell'importo stimato o presunto del contratto | O6: Ricorso all'indagine di mercato mediante avviso esplorativo Adozione regolamento interno Verifica dell'assolvimento degli obblighi di pubblicazione da parte del RPCT Obbligo di motivazione negli atti di gara sui requisiti richiesti per la partecipazione alla gara / per l'esecuzione dell'appalto /criteri di valutazione e attribuzione di punteggi, con particolare riferimento alle ipotesi di affidamenti diretti "per assenza di concorrenza per motivi tecnici", anche attraverso la previa consultazione del mercato di riferimento, con verifica che tale assenza non sia frutto di limitazioni artificiose dei parametri dell’appalto, ovvero di errate interpretazioni della norma | P6: DI SENSIBILIZZAZIONE E PARTECIPAZIONE DI REGOLAMENTAZIONE | Q6: in attuazione | R6: 46387 | S6: verifica adozione di un determinato regolamento/procedura | T6: Annuale | U6: Tesoriere/RUP
D7: 3.2 | E7: Realizzazione dell'acquisizione secondo la modalità individuata: tramite PAD (RdO - TD- OdA) e senza MEPA (Procedura negoziata e affidamento diretto con o senza preventiva indagine di mercato) | F7: Dirigente-RUP/Consiglio | G7: vincolata | H7: Normativa/ Regolamento interno dell’Ufficio | I7: •Utilizzo improprio di sistemi di affidamento per favorire un operatore. •Predisposizione di clausole contrattuali dal contenuto vago o vessatorio per disincentivare la partecipazione alla gara ovvero per consentire modifiche in fase di esecuzione | J7: inadeguatezza o assenza di competenze del personale addetto ai processi | Q7: in attuazione
D8: 3.3 | E8: Determinazione importo del contratto | F8: Consiglio | G8: vincolata | H8: Normativa/ Regolamento interno dell’Ufficio | I8: Abuso delle disposizioni in materia di determinazione del valore | J8: inadeguata diffusione della cultura della legalità | Q8: in attuazione
B9: 4 | C9: Selezione del contraente | D9: 4.1 | E9: Pubblicazione del bando | F9: Dirigente/Funzionario | G9: discrezionale | H9: Normativa/ Regolamento interno dell’Ufficio | I9: Difficoltà nell'accesso e/o nella consultazione dei documenti on line e assenza di pubblicità del bando e dell'ulteriore documentazione rilevante | J9: mancanza di trasparenza | K9: Alto | L9: Alta | M9: Alto | N9: Trasparenza tramite Pubblicazione in AT Protocollazione informatica Dichiarazioni assenza conflitto interessi | O9: Adozione regolamento interno Verifiche collegiali/Verifiche tramite FVOE | P9: DI REGOLAMENTAZIONE DI CONTROLLO | Q9: in attuazione | R9: 46387 | S9: Verifica adozione di un determinato regolamento/procedura Pubblicazione sul sito | T9: Annuale | U9: Tesoriere/RUP
D10: 4.2 | E10: Fissazione dei termini per la ricezione dell'offerta | F10: Dirigente/Funzionario | G10: discrezionale | H10: Normativa/ Regolamento interno dell’Ufficio | I10: Immotivata indicazione di termini ridotti o di proroghe | J10: inadeguatezza o assenza di competenze del personale addetto ai processi | Q10: in attuazione
D11: 4.3 | E11: Trattamento e custodia della documentazione di gara | F11: Dirigente/Funzionario | G11: discrezionale | H11: Normativa/ Regolamento interno dell’Ufficio | I11: Alterazione/sottrazion e documentale | J11: mancanza di controlli relativi agli eventi rischiosi | Q11: in attuazione
D12: 4.4 | E12: Nomina della commissione di gara | F12: Consiglio | G12: VINCOLATA | H12: Normativa/ Regolamento interno dell’Ufficio | I12: Mancato rispetto delle disposizioni che regolano la nomina della commissione | J12: inadeguata diffusione della cultura della legalità | Q12: in attuazione
D13: 4.5 | E13: Gestione delle sedute di gara | F13: Dirigente-RUP/Consiglio | G13: VINCOLATA | H13: Normativa/ Regolamento interno dell’Ufficio | I13: Falsa applicazione dei criteri di aggiudicazione della gara per manipolarne l'esito | J13: mancanza di controlli relativi agli eventi rischiosi | Q13: in attuazione
D14: 4.6 | E14: Verifica dei requisiti di ordine tecnico ed economico di partecipazione | F14: Dirigente-RUP/Consiglio | G14: VINCOLATA | H14: Normativa/ Regolamento interno dell’Ufficio | I14: Alterazione/sottrazione documentale | J14: mancanza di controlli relativi agli eventi rischiosi | Q14: in attuazione
D15: 4.7 | E15: Valutazione delle offerte e verifica anomalia offerte | F15: Dirigente-RUP | G15: VINCOLATA | H15: Normativa/ Regolamento interno dell’Ufficio | I15: Falsa applicazione dei criteri di aggiudicazione della gara per manipolarne l'esito | J15: inadeguatezza o assenza di competenze del personale addetto ai processi | Q15: in attuazione
B16: 5 | C16: Verifica, aggiudicazione e stipula contratto | D16: 5.1 | E16: Verifica dei requisiti di ordine generale ai fini della stipula del contratto | F16: Dirigente-RUP/Consiglio | G16: VINCOLATA | H16: Normativa/ Regolamento interno dell’Ufficio | I16: •Alterazione o omissione dei controlli e delle verifiche al fine di favorire un aggiudicatario privo di requisiti •Alterazione contenuti verifiche per pretermettere l'aggiudicatario e favorire gli operatori economici che seguono nella graduatoria | J16: inadeguatezza o assenza di competenze del personale addetto ai processi | K16: Alto | L16: Molto bassa | M16: Medio | N16: Controllo Tesoriere/RUP Trasparenza tramite Pubblicazione in AT | O16: Adozione regolamento interno Formazione specialistica sulle tematiche di competenza | P16: DI REGOLAMENTAZIONE DI FORMAZIONE | Q16: in attuazione | R16: 46387 | S16: Verifica adozione di un determinato regolamento/procedura Pubblicazione sul sito | T16: Annuale | U16: Tesoriere/RUP
D17: 5.2 | E17: Effettuazione comunicazioni riguardanti i mancati inviti, le esclusioni e le aggiudicazioni e formalizzazione dell'aggiudicazione definitiva e stipula del contratto | F17: Dirigente/Funzionario | G17: VINCOLATA | H17: Normativa/ Regolamento interno dell’Ufficio | I17: •Immotivato ritardo nella formalizzazione del provvedimento di aggiudicazione e/o stipula del contratto tale da indurre l'aggiudicatario a sciogliersi da ogni vincolo o a recedere dal contratto | J17: inadeguatezza o assenza di competenze del personale addetto ai processi | Q17: in attuazione
B18: 6 | C18: Esecuzione e rendicontazione del contratto | D18: 6.1 | E18: Approvazione modifiche del contratto originario | F18: Dirigente-RUP | G18: discrezionale | H18: Normativa/ Regolamento interno dell’Ufficio | I18: Modifiche sostanziali degli elementi del contratto con introduzione di elementi che se previsti dall'inizio avrebbero consentito un confronto concorrenziale più ampio | J18: mancanza di controlli relativi agli eventi rischiosi | K18: Alto | L18: Bassa | M18: Medio | N18: Controllo Tesoriere/RUP Trasparenza tramite Pubblicazione in AT | O18: Check list propedeutica al mandato di pagamento | P18: DI CONTROLLO | Q18: in attuazione | R18: 46387 | S18: numero di controlli effettuati su numero di pratiche/provvedimenti/etc | T18: Annuale | U18: Tesoriere/RUP
D19: 6.2 | E19: Verifica della corretta esecuzione del contratto | F19: Dirigente-RUP | G19: discrezionale | H19: Normativa/ Regolamento interno dell’Ufficio | I19: Alterazione o omissione attività di controllo | J19: mancanza di controlli relativi agli eventi rischiosi
B20: 7 | C20: Gestione fondi PNRR | D20: 7.1 | E20: Verifica della rendicontazione dei fondi ottenuti | F20: Dirigente-RUP | G20: discrezionale | H20: Normativa/ Regolamento interno dell’Ufficio | I20: Alterazione o omissione attività di controllo | J20: mancanza di controlli relativi agli eventi rischiosi | K20: Alto | L20: Basso | M20: Medio | N20: Controllo Tesoriere/RUP Adozione CIG e CUP | O20: Trasparenza tramite Pubblicazione in AT Pubblicazione Contratto | P20: DI TRASPARENZA DI CONTROLLO | Q20: in attuazione | R20: 46022 | S20: numero di controlli effettuati su numero di pratiche/provvedimenti/etc | T20: Annuale | U20: Tesoriere/RUP
G21: Azioni riconducibili ad attività di altri o a soggetti esterni
C22: Azioni riconducibili ad attività di altri | F22: NA | G22: Non Applicabile
F23: NI | G23: Non Individuata

Sheet Mappatura processi C-C
A1: Mappatura PROCESSI-ATTIVITA' | I1: Identificazione, analisi e valutazione del rischio corruttivo | N1: TRATTAMENTO DEL RISCHIO
A2: AREA DI RISCHIO | B2: N. PROCESSO | C2: DESCRIZIONE PROCESSO | D2: N_Attività | E2: DESCRIZIONE ATTIVITA' | F2: Esecutore Azione (in ogni cella è presente un menù a tendina) | G2: Attività vincolata vs attività discrezionale | H2: Tipologia di attività (Disciplinata da /*scelta da menù a tendina*/) | I2: DESCRIZIONE DEL COMPORTAMENTO A RISCHIO CORRUZIONE (EVENTO A RISCHIO) | J2: FATTORI ABILITANTI L'EVENTO RISCHIOSO | K2: VALUTAZIONE DEL RISCHIO | N2: MISURE GIA' ADOTTATE | O2: MISURE SPECIFICHE | P2: TIPOLOGIA MISURE SPECIFICHE | Q2: PROGRAMMAZIONE MISURA SPECIFICA
K3: IMPATTO | L3: PROBABILITA' | M3: RISULTATO (IMPATTO x PROBABILITA') | Q3: STATO DI ATTUAZIONE AL 1° GENNAIO 2026 | R3: TEMPI DI ATTUAZIONE | S3: INDICATORI DI ATTUAZIONE | T3: TEMPI DI MONITORAGGIO | U3: SOGGETTO RESPONSABILE
A4: Provvedimenti ampliativi della sfera giuridica dei destinatari PRIVI di effetto economico diretto ed immediato per il destinatario: AUTORIZZAZIONI E CONCESSIONI | B4: 1 | C4: Iscrizioni, trasferimenti, cancellazioni | D4: 1.1 | E4: Concessione istanza | F4: Consiglio | G4: Vincolata | H4: Normativa/ Regolamento interno dell’Ufficio | I4: abuso nell’adozione di provvedimenti aventi ad oggetto condizioni di accesso a servizi pubblici al fine di agevolare particolari soggetti | J4: mancanza di controlli relativi agli eventi rischiosi - mancanza di trasparenza - esercizio prolungato ed esclusivo della responsabilità di un processo da parte di pochi o di un unico soggetto | K4: Alto | L4: Bassa | M4: Medio | N4: Normativa di riferimento Linee guida del CN Protocollo informatico Valutazione collegiale | O4: 1. verifica dell'avvio dell'istruttoria a cura del dirigente/consigliere Segretario 2. rispetto dei termini procedimentali | P4: N. 1 DI CONTROLLO N. 1 DI REGOLAMENTAZIONE | Q4: IN ATTUAZIONE | R4: 46387 | S4: numero di controlli effettuati su numero di pratiche/provvedimenti/etc | T4: Annuale | U4: Consiglio/Consigliere Segretario
B5: 2 | C5: Rilascio di certificazioni e attestazioni | D5: 2.1 | E5: Per es: Riconoscimento Attribuzione CFP Esonero obbligo formativo Patrocinio gratuito Rilascio certificati compiuto tirocinio | F5: Presidente-Consigliere Segretario | G5: Vincolata | H5: Normativa/ Regolamento interno dell’Ufficio | I5: abuso nel rilascio di autorizzazioni in ambiti in cui il pubblico ufficio ha funzioni esclusive o preminenti di controllo al fine di agevolare determinati soggetti | J5: mancanza di controlli relativi agli eventi rischiosi - mancanza di trasparenza - esercizio prolungato ed esclusivo della responsabilità di un processo da parte di pochi o di un unico soggetto | K5: Alto | L5: Bassa | M5: Medio | N5: Protocollo informatico | O5: 1. verifica dell'avvio dell'istruttoria a cura del dirigente/consigliere 2. rispetto dei termini procedimentali | P5: N. 1 DI CONTROLLO N. 1 DI REGOLAMENTAZIONE | Q5: IN ATTUAZIONE | R5: 46387 | S5: numero di controlli effettuati su numero di pratiche/provvedimenti/etc | T5: Annuale | U5: Consiglio/Consigliere Segretario
G7: Azioni riconducibili ad attività di altri o a soggetti esterni
C8: Azioni riconducibili ad attività di altri | F8: NA | G8: Non Applicabile
F9: NI | G9: Non Individuata

Sheet Mappatura processi C-D
A1: Mappatura PROCESSI-ATTIVITA' | I1: Identificazione, analisi e valutazione del rischio corruttivo | N1: TRATTAMENTO DEL RISCHIO
A2: AREA DI RISCHIO | B2: N. PROCESSO | C2: DESCRIZIONE PROCESSO | D2: N_Attività | E2: DESCRIZIONE ATTIVITA' | F2: Esecutore Azione (in ogni cella è presente un menù a tendina) | G2: Attività vincolata vs attività discrezionale | H2: Tipologia di attività (Disciplinata da /*scelta da menù a tendina*/) | I2: DESCRIZIONE DEL COMPORTAMENTO A RISCHIO CORRUZIONE (EVENTO A RISCHIO) | J2: FATTORI ABILITANTI L'EVENTO RISCHIOSO | K2: VALUTAZIONE DEL RISCHIO | N2: MISURE GIA' ADOTTATE | O2: MISURE SPECIFICHE | P2: TIPOLOGIA MISURE SPECIFICHE | Q2: PROGRAMMAZIONE MISURA SPECIFICA
K3: IMPATTO | L3: PROBABILITA' | M3: RISULTATO (IMPATTO x PROBABILITA') | Q3: STATO DI ATTUAZIONE AL 1° GENNAIO 2026 | R3: TEMPI DI ATTUAZIONE | S3: INDICATORI DI ATTUAZIONE | T3: TEMPI DI MONITORAGGIO | U3: SOGGETTO RESPONSABILE
A4: Provvedimenti ampliativi della sfera giuridica: CONTRIBUTI E SOVVENZIONI dei destinatari CON effetto economico diretto ed immediato per il destinatario | B4: 1 | C4: Erogazione di sovvenzioni e contributi | D4: 1.1 | E4: Verifica della necessità/opportunità di erogare importi | F4: Consiglio | G4: Discrezionale | H4: Regolamento interno dell’Ufficio | I4: Erogazione irregolare dei contributi Utilizzo di dichiarazioni/attestazioni false o non veritiere per comprovare il possesso dei requisiti per poter partecipare alla procedura per il conferimento di vantaggi economici diretti | J4: mancanza di controlli relativi agli eventi rischiosi - scarsa responsabilizzazione interna - inadeguata diffusione della cultura della legalità | K4: Alto | L4: Alta | M4: Alto | N4: Verifica capienza bilancio del Tesoriere Decisione collegiale | O4: Trasparenza tramite Pubblicazione in AT Report annuali al Consiglio Verifiche a campione sulla veridicità/correttezza delle dichiarazioni/attestazioni Verifiche svolte a cura di più dipendenti | P4: DI TRASPARENZA DI CONTROLLO | Q4: in attuazione | R4: 46387 | S4: presenza o meno di un determinato atto/dato/informazione oggetto di pubblicazione | T4: Annuale | U4: Tesoriere
G6: Azioni riconducibili ad attività di altri o a soggetti esterni
C7: Azioni riconducibili ad attività di altri | F7: NA | G7: Non Applicabile
F8: NI | G8: Non Individuata

Sheet Mappatura processi S-A
A1: Mappatura PROCESSI-ATTIVITA' | I1: Identificazione, analisi e valutazione del rischio corruttivo | N1: TRATTAMENTO DEL RISCHIO
A2: AREA DI RISCHIO | B2: N. PROCESSO | C2: DESCRIZIONE PROCESSO | D2: N_Attività | E2: DESCRIZIONE ATTIVITA' | F2: Esecutore Azione (in ogni cella è presente un menù a tendina) | G2: Attività vincolata vs attività discrezionale | H2: Tipologia di attività (Disciplinata da /*scelta da menù a tendina*/) | I2: DESCRIZIONE DEL COMPORTAMENTO A RISCHIO CORRUZIONE (EVENTO A RISCHIO) | J2: FATTORI ABILITANTI L'EVENTO RISCHIOSO | K2: VALUTAZIONE DEL RISCHIO | N2: MISURE GIA' ADOTTATE | O2: MISURE SPECIFICHE | P2: TIPOLOGIA MISURE SPECIFICHE | Q2: PROGRAMMAZIONE MISURA SPECIFICA
K3: IMPATTO | L3: PROBABILITA' | M3: RISULTATO (IMPATTO x PROBABILITA') | Q3: STATO DI ATTUAZIONE AL 1° GENNAIO 2026 | R3: TEMPI DI ATTUAZIONE | S3: INDICATORI DI ATTUAZIONE | T3: TEMPI DI MONITORAGGIO | U3: SOGGETTO RESPONSABILE
A4: FORMAZIONE PROFESSIONALE CONTINUA | B4: 1 | C4: Esame e valutazione delle offerte formative | D4: 1_1 | E4: Ricezione delle richieste di autorizzazione / ricezione proposte formative | F4: Funzionario | G4: Descrizionale | H4: Normativa/ Regolamento interno dell’Ufficio | I4: Valutazione discrezionale | J4: mancanza di controlli relativi agli eventi rischiosi | K4: Alto | L4: Media | M4: Alto | N4: Protocollo informatico Regolamento formazione CN Istruttoria intermedia Approvazione collegiale | O4: 1. adeguata verbalizzazione della attività svolte 2. report periodici al Consiglio 3. motivazione specifica delle scelte regolatorie assunte e di eventuali scostamenti da precedenti orientamenti | P4: 1 DI TRASPARENZA 2 DI REGOLAMENTAZIONE 3 DI CONTROLLO | Q4: In attuazione | R4: 46387 | S4: numero di controlli effettuati su numero di pratiche/provvedimenti/etc | T4: Annuale | U4: Consiglio
D6: 1_2 | E6: Esame da parte dei Consiglieri Delegati - attività istruttoria | F6: Dirigente-Commissione | G6: Discrezionale | H6: Normativa/ Regolamento interno dell’Ufficio | I6: Valutazione discrezionale | J6: esercizio prolungato ed esclusivo della responsabilità di un processo da parte di pochi o di un unico soggetto
D8: 1_3 | E8: Deliberazione del Consiglio | F8: Consiglio | G8: Discrezionale | H8: Normativa/ Regolamento interno dell’Ufficio | I8: Valutazione discrezionale | J8: mancanza di trasparenza
B9: 2 | C9: Attribuzione dei crediti formativi professionali (CFP) agli iscritti | D9: 2_1 | E9: Attribuzione dei crediti formativi | F9: Funzionario | G9: Vincolata | H9: Prassi dell’Ufficio | I9: Agevolazione di un iscritto rispetto ad un altro | J9: esercizio prolungato ed esclusivo della responsabilità di un processo da parte di pochi o di un unico soggetto | K9: Alto | L9: Bassa | M9: Medio | N9: Regolamento CN Informatizzazione del processo istruttorio e/o utilizzo di un gestionale per il monitoraggio delle attività | O9: Rotazione delle attività tra il personale assegnato all'ufficio/tra i consiglieri | P9: MISURA DI REGOLAMENTAZIONE | Q9: in attuazione | R9: 46387 | S9: numero di controlli effettuati su numero di pratiche/provvedimenti/etc | T9: Annuale | U9: Consiglio
D10: 2_2 | E10: Verifica sul conseguimento dei crediti formativi | F10: Dirigente/Funzionario | G10: Vincolata | H10: Prassi dell’Ufficio | I10: Agevolazione di un iscritto rispetto ad un altro | J10: esercizio prolungato ed esclusivo della responsabilità di un processo da parte di pochi o di un unico soggetto
B11: 3 | C11: Vigilanza sugli “enti terzi” autorizzati all’erogazione della formazione ai sensi dell’art. 7, co. 2, d.p.r. 137 del 2012, svolta in proprio da dagli ordini e collegi territoriali | D11: 3_1 | E11: Controllo dei requisiti di affidabilità e competenza | F11: Consiglio | G11: Vincolata | H11: Prassi dell’Ufficio | I11: Inappropriata valutazione del soggetto esterno | J11: mancanza di controlli relativi agli eventi rischiosi - mancanza di trasparenza | K11: Alto | L11: Bassa | M11: Medio | N11: Regolamento Nazionale | O11: 1. Sottoscrizione da parte di dichiarazioni relative all'assenza di conflitto di interessi anche potenziale 2. Report periodici al Consiglio | P11: 1 DI CONFLITTO DI INTERESSI 2 DI REGOLAMENTAZIONE | Q11: in attuazione | R11: 46387 | S11: numero di controlli effettuati su numero di pratiche/provvedimenti/etc | T11: Annuale | U11: Consiglio
D12: 3_2 | E12: Rendiconto all'esito dell'evento | F12: =F11 -> Consiglio | G12: Vincolata | H12: Prassi dell’Ufficio | I12: Inappropriata valutazione del soggetto esterno | J12: mancanza di controlli relativi agli eventi rischiosi
B13: 4 | C13: Organizzazione e svolgimento di eventi formativi da parte degli ordini e collegi territoriali | D13: 4_1 | E13: Deliberazione del fabbisogno formativo | F13: Consiglio | G13: Discrezionale | H13: Prassi dell’Ufficio | I13: Mancato o inappropriato rispetto del regolamento e linee guida sulla strutturazione didattica degli eventi | J13: mancata attuazione del principio di distinzione tra politica e amministrazione | K13: Alto | L13: Media | M13: Alto | N13: Regolamento Nazionale Condivisione, attraverso risorse di rete, della documentazione Decisione collegiale | O13: 1. Report periodici al Consiglio 2. verifica della effettiva rotazione degli affidamenti | P13: 1. DI REGOLAMENTAZIONE 2. DI ROTAZIONE | Q13: in attuazione | R13: 46387 | S13: verifica adozione di un determinato regolamento/procedura | T13: Annuale | U13: Consiglio
D14: 4_2 | E14: Istruttoria e valutazione (individuazione docente, individuazione sede o piattaforma online, individuazione prezzo) | F14: Commissione / Consiglio | G14: Discrezionale | H14: Prassi dell’Ufficio | I14: Mancato o inappropriato rispetto del regolamento e linee guida sulla strutturazione didattica degli eventi | J14: inadeguata diffusione della cultura della legalità
D15: 4_3 | E15: Fase conclusiva (Verifica presenze e rilascio test di apprendimento, Somministrazione questionario sulla qualità dell’evento) | F15: Dirigente/Funzionario | G15: Discrezionale | H15: Prassi dell’Ufficio | I15: Mancato o inappropriato rispetto del regolamento e linee guida sulla strutturazione didattica degli eventi | J15: mancanza di trasparenza
M16: =CONCATENATE(Parametri!D109,Parametri!E109,Parametri!F109)
M17: =CONCATENATE(Parametri!D110,Parametri!E110,Parametri!F110)
M18: =CONCATENATE(Parametri!D111,Parametri!E111,Parametri!F111)
M19: =CONCATENATE(Parametri!D112,Parametri!E112,Parametri!F112)
M20: =CONCATENATE(Parametri!D113,Parametri!E113,Parametri!F113)
M21: =CONCATENATE(Parametri!D114,Parametri!E114,Parametri!F114)
M22: =CONCATENATE(Parametri!D115,Parametri!E115,Parametri!F115)
M23: =CONCATENATE(Parametri!D116,Parametri!E116,Parametri!F116)
M24: =CONCATENATE(Parametri!D117,Parametri!E117,Parametri!F117)
M25: =CONCATENATE(Parametri!D118,Parametri!E118,Parametri!F118)
M26: =CONCATENATE(Parametri!D119,Parametri!E119,Parametri!F119)
M27: =CONCATENATE(Parametri!D120,Parametri!E120,Parametri!F120)
... M33: =CONCATENATE(Parametri!D126,Parametri!E126,Parametri!F126)
B35: Azioni riconducibili ad attività di altri o a soggetti esterni
A36: NA | B36: Non Applicabile
A37: NI | B37: Non Individuata

Sheet Mappatura processi S-B
A1: Mappatura PROCESSI-FASI-ATTIVITA'/AZIONI | I1: Identificazione, analisi e valutazione del rischio corruttivo | N1: TRATTAMENTO DEL RISCHIO
A2: AREA DI RISCHIO | B2: N. ATTIVITA' | C2: DESCRIZIONE PROCESSO | D2: N_Attività | E2: DESCRIZIONE ATTIVITA' | F2: Esecutore Azione (in ogni cella è presente un menù a tendina) | G2: Attività vincolata vs attività discrezionale | H2: Tipologia di attività (Disciplinata da /*scelta da menù a tendina*/) | I2: DESCRIZIONE DEL COMPORTAMENTO A RISCHIO CORRUZIONE (EVENTO A RISCHIO) | J2: FATTORI ABILITANTI L'EVENTO RISCHIOSO | K2: VALUTAZIONE DEL RISCHIO | N2: MISURE GIA' ADOTTATE | O2: MISURE SPECIFICHE | P2: TIPOLOGIA MISURE SPECIFICHE | Q2: PROGRAMMAZIONE MISURA SPECIFICA
K3: IMPATTO | L3: PROBABILITA' | M3: RISULTATO (IMPATTO x PROBABILITA') | Q3: STATO DI ATTUAZIONE AL 1° GENNAIO 2026 | R3: TEMPI DI ATTUAZIONE | S3: INDICATORI DI ATTUAZIONE | T3: TEMPI DI MONITORAGGIO | U3: SOGGETTO RESPONSABILE
A4: RILASCIO PARERI DI CONGRUITA' | B4: 1 | C4: Rilascio pareri di congruità | D4: 1.1. | E4: Esame e valutazione della documentazione consegnata | F4: Consiglio | G4: Discrezionale | H4: Normativa/ Regolamento interno dell’Ufficio | I4: effettuazione di una istruttoria lacunosa e/o parziale per favorire l’interesse del professionista | J4: esercizio prolungato ed esclusivo della responsabilità di un processo da parte di pochi o di un unico soggetto | K4: Alto | L4: Bassa | M4: Medio | N4: Verifica istruttoria Collegiale Delibera consiliare di approvazione | O4: 1. Adozione regolamento/stesura di linee guida di carattere metodologico per l'elaborazione dei dati e per la standardizzazione dell'esame dei singoli casi 2. rotazione dei soggetti che istruiscono le domande 3. report periodici al Consiglio | P4: 1. DI REGOLAMENTAZIONE 2. DI ROTAZIONE 3. DI REGOLAMENTAZIONE | Q4: in attuazione | R4: 46387 | S4: verifica adozione di un determinato regolamento/procedura | T4: Annuale | U4: Consiglio
D5: 1.2 | E5: Formalizzazione parere | F5: Consiglio | G5: Discrezionale | H5: Normativa/ Regolamento interno dell’Ufficio | I5: incertezza nei criteri di quantificazione degli onorari professionali-valutazione discrezionale | J5: esercizio prolungato ed esclusivo della responsabilità di un processo da parte di pochi o di un unico soggetto
D6: 1.3 | E6: Comunicazione al professionista | F6: Consiglio | G6: Discrezionale | H6: Normativa/ Regolamento interno dell’Ufficio | I6: Alterazione/sottrazione documentazione | J6: scarsa responsabilizzazione interna
N7: Duplice valutazione istruttoria del dirigente e del funzionario preposto (firma congiunta del dirigente e del funzionario) | P7: Misura di controllo / trasparenzza | Q7: in attuazione
N8: rotazione dei soggetti che istruiscono le domande
K10: Azioni riconducibili ad attività di altri o a soggetti esterni
F11: Azioni riconducibili ad attività di altri | J11: NA | K11: Non Applicabile
J12: NI | K12: Non Individuata

Sheet Mappatura processi S-C
A1: Mappatura PROCESSI-ATTIVITA' | I1: Identificazione, analisi e valutazione del rischio corruttivo | N1: TRATTAMENTO DEL RISCHIO
A2: AREA DI RISCHIO | B2: N. PROCESSO | C2: DESCRIZIONE PROCESSO | D2: N_Attività | E2: DESCRIZIONE ATTIVITA' | F2: Esecutore Azione (in ogni cella è presente un menù a tendina) | G2: Attività vincolata vs attività discrezionale | H2: Tipologia di attività (Disciplinata da /*scelta da menù a tendina*/) | I2: DESCRIZIONE DEL COMPORTAMENTO A RISCHIO CORRUZIONE (EVENTO A RISCHIO) | J2: FATTORI ABILITANTI L'EVENTO RISCHIOSO | K2: VALUTAZIONE DEL RISCHIO | N2: MISURE GIA' ADOTTATE | O2: MISURE SPECIFICHE | P2: TIPOLOGIA MISURE SPECIFICHE | Q2: PROGRAMMAZIONE MISURA SPECIFICA
K3: IMPATTO | L3: PROBABILITA' | M3: RISULTATO (IMPATTO x PROBABILITA') | Q3: STATO DI ATTUAZIONE AL 1° GENNAIO 2026 | R3: TEMPI DI ATTUAZIONE | S3: INDICATORI DI ATTUAZIONE | T3: TEMPI DI MONITORAGGIO | U3: SOGGETTO RESPONSABILE
A4: Indicazione dei professionisti per lo svolgimento di incarichi | B4: 1 | C4: Nomina di professionisti a cui conferire incarichi | D4: 1.1 | E4: Individuazione professionista iscritto all’Albo per incarichi o partecipare a commissioni o gruppi esterni all'Ordine/Collegio | F4: Consiglio | G4: Discrezionale | H4: Prassi dell’Ufficio | I4: Uso improprio o distorto della discrezionalità Elusione delle procedure di svolgimento delle attività e di controllo | J4: mancanza di controlli relativi agli eventi rischiosi mancanza di trasparenza | K4: Alto | L4: Alta | M4: Alto | N4: Report interno con incarichi già affidati Designazione consiliare previa verifica permanenza requisiti: avviso-elenco-sorteggio e/o rotazione | O4: Procedura interna che disciplina processo con sistema di sorteggio da apposito elenco e rotazione. Pubblicazione | P4: DI REGOLAMENTAZIONE DI TRASPARENZA | Q4: in attuazione | R4: 46203 | S4: numero di incarichi/pratiche ruotate sul totale | T4: Semestrale | U4: Consiglio
B5: 2 | C5: Valutazione consiliare con individuazione di professionisti a seguito di richiesta | D5: 2.1 | E5: Scelta della terna | F5: Consiglio | G5: Discrezionale | H5: Prassi dell’Ufficio | I5: Uso improprio o distorto della discrezionalità Elusione delle procedure di svolgimento delle attività e di controllo | J5: mancanza di controlli relativi agli eventi rischiosi mancanza di trasparenza | K5: Alto | L5: Alta | M5: Alto | N5: Report interno con incarichi già affidatiDesignazione consiliare previa verifica permanenza requisiti: avviso-elenco-sorteggio e/o rotazione | O5: Procedura interna che disciplina processo con sistema di sorteggio da apposito elenco e rotazione. Pubblicaizone | P5: DI REGOLAMENTAZIONE DI TRASPARENZA | Q5: in attuazione | R5: 46203 | S5: numero di incarichi/pratiche ruotate sul totale | T5: Semestrale | U5: Consiglio
G12: Azioni riconducibili ad attività di altri o a soggetti esterni
C13: Azioni riconducibili ad attività di altri | F13: NA | G13: Non Applicabile
F14: NI | G14: Non Individuata

Sheet competenze
A1: Ufficio | B1: Acronimo | C1: Competenze | D1: Dirigente
A2: Segreteria e staff del Presidente | B2: SGPRES | C2: Gestisce l’agenda del Presidente e i flussi informativi interni ed esterni; cura o assegna, su indicazione del Presidente le pratiche che il Presidente intende gestire direttamente; supporta il Presidente nell’esercizio delle funzioni allo stesso esclusivamente attribuite dagli artt. 19, comma 7 e 32 del decreto legge 24 giugno 2014, convertito nella legge 11 agosto 2014, n. 114. Cura gli atti di sindacato ispettivo, in particolare, elabora le risposte a richieste di chiarimenti presentate dai Ministeri e finalizzate a dare riscontro ad interrogazioni ed interpellanze parlamentari, nonché alle relazioni parlamentari. | D2: -
A3: Segreteria e staff del Consiglio | B3: SGCON | C3: Coadiuva il Presidente nella predisposizione dell’ordine del giorno del Consiglio; gestisce l’iter documentale per lo svolgimento delle riunioni e ne cura la verbalizzazione; cura la trasmissione delle decisioni agli uffici ai fini della loro esecuzione; fornisce supporto ai Consiglieri per i lavori del Consiglio. | D3: -
A4: Segreteria tecnica | B4: SGTECN | C4: Cura i rapporti con i media e le agenzie di stampa; predispone la rassegna stampa; cura la rivista on line dell’ANAC; cura i rapporti con l’esterno anche ai fini della diffusione della cultura della legalità e della prevenzione della corruzione; cura le relazioni internazionali. | D4: -
A5: Unità operativa speciale EXPO | B5: EXPO | C5: Supporta il Presidente nello svolgimento dei compiti di alta sorveglianza e garanzia della correttezza e trasparenza delle procedure connesse alla realizzazione delle opere del grande evento EXPO 2015. | D5: -
A6: Ufficio di indirizzo, determinazioni generali e indicatori per la vigilanza | B6: UDGIV | C6: Supporta il Presidente nell’assicurare l’unitarietà dell’indirizzo dell’Autorità negli ambiti di competenza mediante l’elaborazione di direttive e atti di indirizzo interni; definisce le linee per l’elaborazione di indicatori ricavabili dalla BDNCP; cura la predisposizione di atti a carattere generale che favoriscano una maggiore fruibilità della BDNCP sia verso l’interno sia verso l’esterno; svolge le attività relative all’attribuzione del rating di legalità di cui all’art. 5 del Regolamento attuativo in materia di rating di legalità adottato dall’AGCM il 14 novembre 2012, n.24075 ed ogni altra attività connessa. Il dirigente dell’ufficio partecipa alla Commissione consultiva rating. Promuove la realizzazione di ricerche e studi giuridici ed economici su tematiche specifiche; cura la predisposizione dei documenti per le audizioni dell’Autorità nell’ambito di indagini conoscitive o discussioni su disegni di legge; realizza l’analisi e la verifica di impatto della regolazione dei provvedimenti dell’Autorità; cura la massimazione degli atti dell’Autorità, dei lodi arbitrali trasmessi dalla Camera arbitrale e della giurisprudenza rilevante in materia, aggiornando il “Massimario” dell’Autorità; provvede alla pubblicazione sulla Gazzetta Ufficiale della Repubblica italiana degli atti deliberati dal Consiglio. Cura le relazioni che l’Autorità deve presentare agli Organi Costituzionali; predispone le segnalazioni per il Governo e il Parlamento; assicura il raccordo con gli uffici delle Aree a garanzia dell’unitarietà e dell’efficacia dell’azione dell’Autorità. Cura, in collaborazione con gli Uffici competenti per materia, la predisposizione di convenzioni, accordi e protocolli di intesa; cura i progetti di formazione interna ed esterna, con particolare riferimento alla Scuola Nazionale dell’Amministrazione, finalizzati alla diffusione della cultura della legalità e della prevenzione della corruzione . | D6: -
A7: Ufficio piani di vigilanza e vigilanze speciali | B7: UPVS | C7: Elabora, sentiti l’Ufficio Ispettivo e gli Uffici di vigilanza, i piani annuali di vigilanza dell’Autorità sulla base dell’indirizzo espresso dal Presidente e dal Consiglio in tutte le materie di competenza dell’Autorità anche mediante l’utilizzo degli indicatori ricavati dalla BDNCP; svolge attività di vigilanza specifica, anche di tipo collaborativo mediante la stipula di protocolli di vigilanza, con alcune tipologie di amministrazioni pubbliche e/o per alcune tipologie di attività, nel settore degli appalti o comunque degli ambiti della gestione amministrativa, ritenuti ad elevato rischio di corruzione, assicura il raccordo con gli uffici delle Aree a garanzia dell’unitarietà e dell’efficacia dell’azione dell’Autorità. L’Ufficio, per le attività di vigilanza e ove necessario, si raccorda con l’Ufficio ispettivo. | D7: Romano | AK7: Uffici del Presidente
A8: Ufficio ispettivo | B8: UIS | C8: Svolge attività ispettive presso le amministrazioni pubbliche e presso enti che in base alla normativa vigente sono sottoposti al controllo e alla vigilanza dell’Autorità. Per lo svolgimento dei compiti assegnati, l’ufficio si compone di dirigenti a cui è attribuita la posizione di ispettore nonché si avvale di personale della Guardia di Finanza coordinato da un Ufficiale distaccato presso l’Autorità; nelle attività ispettive svolte con la Guardia di Finanza, il RPC dovrà assicurare in via principale collaborazione e supporto; assicura, inoltre, il raccordo con gli uffici delle Aree a garanzia dell’unitarietà e dell’efficacia dell’azione dell’Autorità. | D8: Pierdominici | AK8: Uffici del Presidente
A9: Ufficio precontenzioso e affari giuridici | B9: UPAG | C9: Cura l’elaborazione di pareri con rilevanza esterna e con rilevanza interna, e fornisce in genere supporto tecnico-giuridico alle strutture dell’Autorità, in materia di prevenzione della corruzione, incompatibilità e inconferibilità di incarichi, etica pubblica e conflitti di interesse; contratti pubblici; obblighi di trasparenza; cura, altresì, i pareri finalizzati alla deflazione del contenzioso tra stazioni appaltanti e operatori economici nell’ambito degli appalti pubblici. | D9: Chimenti | AK9: Uffici del Presidente
A10: Ufficio contenzioso giurisdizionale | B10: UCOG | C10: Assicura la gestione del contenzioso giurisdizionale mediante la predisposizione di memorie a supporto del patrocinio legale dell’Avvocatura dello Stato, e si raccorda con il rappresentante della stessa Avvocatura in ogni situazione ritenuta utile ai fini della predisposizione delle memorie; informa periodicamente, e comunque con cadenza trimestrale, il Consiglio sullo stato di avanzamento del contenzioso in essere che interessa l’Autorità, precisando anche sommariamente i motivi principali delle decisioni assunte dagli Organi giurisdizionali aditi. | D10: Sardella | AK10: Uffici del Presidente
A11: Segreteria e staff del Segretario Generale | B11: SGSEG | C11: Gestisce l’agenda del Segretario generale e i flussi informativi interni ed esterni; cura le pratiche che il Segretario generale intende gestire direttamente; supporta il Segretario generale nell’organizzazione e lo sviluppo delle risorse umane, nell’elaborazione e monitoraggio dei piani gestionali e delle performance, del Piano triennale di prevenzione della corruzione e del Programma triennale per la trasparenza e l'integrità, assicurando l’integrazione e la coerenza tra gli stessi e con il ciclo del bilancio; assicura il monitoraggio delle proposte di delibera e della esecuzione delle delibere adottate; elabora, congiuntamente all’Ufficio Risorse Finanziarie, lo sviluppo di un sistema di controllo di gestione anche mediante l’analisi dei costi delle attività e l’elaborazione di appositi indicatori.; supporta il Segretario generale nell’applicazione dei sistemi di misurazione e valutazione del personale, nonché nella rilevazione del benessere organizzativo; supporta altresì il Segretario generale nelle relazioni sindacali; assicura il necessario supporto all’OIV; cura la biblioteca. | D11: - | AK11: Uffici del Segretario generale
A12: Ufficio protocollo, flussi documentali e supporto ai processi decisionali | B12: UPROT | C12: Assicura il corretto funzionamento del protocollo e delle modalità di assegnazione delle pratiche secondo l’indirizzo espresso dal Presidente; supporta il Segretario generale nella gestione dei flussi documentali degli uffici. | D12: Cirillo | AK12: Uffici del Segretario generale
A13: Ufficio risorse umane e finanziarie | B13: URUF | C13: Assicura la gestione amministrativa, giuridica, economica e pensionistica del personale; gestisce le procedure per il reclutamento del personale; assicura la formazione e la riqualificazione del personale, ad eccezione di quella finalizzata alla diffusione della cultura della legalità e della prevenzione della corruzione attribuita all’Ufficio 1.1; cura l’applicazione del codice di comportamento in raccordo con il Responsabile della prevenzione e della corruzione (RPC) e agisce come Ufficio Procedimenti Disciplinari; gestisce e monitora il fabbisogno e la disponibilità finanziaria; predispone i documenti di bilancio d'esercizio (previsione, variazione e consuntivo); gestisce i rapporti con Equitalia; fornisce riscontro alle istanze degli operatori economici, delle stazioni appaltanti e delle SOA attinenti la contribuzione dovuta all'Autorità; provvede alla riscossione e al versamento delle entrate a qualsiasi titolo dovute. | D13: Ceccarelli | AK13: Uffici del Segretario generale
A14: Ufficio servizi generali, gare, contratti e logistica | B14: UGARE | C14: Assicura l’acquisizione di beni e servizi mediante le convenzioni CONSIP, MEPA e mediante procedure di gara; rileva e definisce i fabbisogni in ambito logistico e provvede alla stesura di capitolati; assicura i relativi adempimenti in materia di sicurezza del lavoro; fornisce il servizio di Economato e la gestione dei beni strumentali; gestisce e monitora il contratto di Facility management; gestisce le autovetture di servizio e il servizio di accoglienza; gestisce le polizze assicurative. | D14: Colandrea | AK14: Uffici del Segretario generale
A15: Ufficio esercizio sistemi informativi | B15: UESI | C15: Rileva e definisce i fabbisogni di beni strumentali IT e cura la stesura dei relativi capitolati; gestisce l’infrastruttura hardware e l'infrastruttura fisica del CED; assicura l’implementazione delle misure infrastrutturali per la sicurezza delle informazioni individuate in collaborazione con l’ufficio progettazione e sviluppo servizi informatici; assicura le attività di predisposizione degli ambienti di collaudo dei sistemi IT e gestisce i test di esercibilità dei sistemi IT; pianifica e gestisce i sistemi IT; svolge le funzioni di Project management del servizio di disaster recovery. | D15: Vargiu | AK15: Uffici del Segretario generale
A16: Ufficio progettazione e sviluppo servizi informatici e gestione del Portale dell’ANAC | B16: UPSI | C16: Recepisce ed elabora con gli altri Uffici IT i fabbisogni di servizi e applicazioni IT in coerenza con le risorse finanziarie ed infrastrutturali individuate, e cura, in raccordo con gli stessi uffici, la stesura dei relativi capitolati. Definisce e pianifica, in collaborazione con l’ufficio esercizio sistemi, la sicurezza logica e fisica delle informazioni in coerenza con le policy di sicurezza dell’Autorità ed a tutela della Privacy; definisce gli standard metodologici e documentali per le attività di sviluppo dei servizi IT; cura la progettazione, lo sviluppo dei servizi per l’accesso ai dati disponibili, l’estrazione dati dalla BDNCP per richieste da soggetti esterni, e ne cura la pubblicazione attraverso “Open data” ; cura la progettazione e lo sviluppo dei sistemi IT, ivi compreso il sistema AVCpass, garantendone la funzionalità in raccordo con gli altri uffici IT; svolge le funzioni di Project Management IT; cura lo sviluppo e la gestione del portale dell’ANAC. | D16: Fuligni | AK16: Uffici del Segretario generale
A17: Ufficio vigilanza sulle misure anticorruzione e accreditamento dei Responsabili della prevenzione della corruzione | B17: UVMAC | C17: Svolge la vigilanza, d'ufficio o su segnalazione, anche in raccordo con l’ufficio ispettivo, e il controllo sull'effettiva applicazione e sull'efficacia delle misure di prevenzione della corruzione nonché sull’incompatibilità e inconferibilità degli incarichi pubblici sia su iniziativa dell’ufficio sia sulla base di segnalazioni anche avvalendosi dell’ufficio ispettivo; provvede all’irrogazione di sanzioni amministrative nel caso in cui il soggetto obbligato ometta l'adozione dei piani triennali di prevenzione della corruzione, dei programmi triennali di trasparenza o dei codici di comportamento in base all’ art. 19, comma 5, lett. b d.l. 90/2014; gestisce le procedure di accreditamento dei RPC. | D17: Torchio | AK17: Uffici Area Vigilanza
A18: Ufficio vigilanza sugli obblighi di trasparenza | B18: UVOT | C18: Svolge la vigilanza, d'ufficio o su segnalazione, anche in raccordo con l’ufficio ispettivo, e procedendo, se necessario, alla segnalazione all’Autorità competente all’irrogazione di sanzioni amministrative, sull'esatto adempimento degli obblighi di pubblicazione, ivi compresa la valutazione dei programmi triennali di trasparenza; svolge le funzioni necessarie ai fini dell’esercizio del potere di ordine, e ai fini dell’adozione di atti e provvedimenti richiesti dalla normativa vigente ai fini della rimozione di comportamenti o atti contrastanti con i piani e le regole sulle trasparenza; vigila sull'operato dei responsabili della trasparenza, anche mediante la richiesta del rendiconto sui risultati del controllo svolto all'interno delle amministrazioni; vigila mediante richiesta di informazioni all'organismo indipendente di valutazione sul controllo da questi svolto sull'esatto adempimento degli obblighi di pubblicazione previsti dalla normativa vigente. | D18: Marzoli | AK18: Uffici Area Vigilanza
... A31: Ufficio analisi flussi informativi | B31: UAFI | C31: Rileva i fabbisogni informativi di flussi e processi e le esigenze di sviluppo, previa individuazione dei modelli di documentazione idonei. Definisce i modelli standard delle informazioni e dei dati alla realizzazione e/o evoluzione di sistemi informativi volti ad assicurare l’attività coordinata di controllo, di prevenzione e di contrasto della corruzione e dell'illegalità nella pubblica amministrazione, definisce, in collaborazione con gli uffici competenti, i flussi procedurali dei sistemi di trasmissione dei dati all’Autorità da parte dei soggetti interessati dagli obblighi di comunicazione e le relative indicazioni metodologiche. | D31: Bonetti | AK31: Uffici Area Regolazione

Sheet Parametri
A2: Responsabilità
B3: Presidente
B4: Consiglio | I4: Normativa
B5: Dirigente di I fascia in staff | I5: Regolamento interno dell’Ufficio
B6: Dirigente | I6: Atto dell’Autorità o del Presidente
B7: Dirigente ispettore | I7: Prassi dell’Ufficio
B8: Dirigente/Funzionario | I8: Normativa/ Regolamento interno dell’Ufficio
B9: Presidente/Funzionario | I9: Normativa/ Atto dell’Autorità o del Presidente
B10: Funzionario | I10: Regolamento interno dell’Ufficio/ Atto dell’Autorità o del Presidente
B11: Funzionario/Operativo
B12: Operativo
A13: Attività | C13: Tipologia di attività attività discrezionale
B14: Vincolata | D14: Regolamenti
B15: Discrezionale | D15: Regolamento interno dell’Ufficio
D16: Prassi dell’Ufficio
B20: Molto bassa | D20: Altissimo
B21: Bassa | D21: Alto
B22: Media
B23: Alta
B24: Altissima
D26: nascondere | E26: nascondere | F26: nascondere | G26: Risultato
B27: Altissimo
B28: Alto
B29: Medio
C56: ='Mappatura processi S-A'!L4 -> Media | D56: =IF(OR(C56 = "Media", C56="Alta",C56="Altissima"),"Altissimo","") -> Altissimo | E56: =IF(C56="Bassa","Alto","") | F56: =IF(C56="Molto bassa","Medio","") | G56: =CONCATENATE(D56,E56,F56) -> Altissimo
C57: ='Mappatura processi S-A'!L6 -> 0 | D57: =IF(OR(C57 = "Media", C57="Alta",C57="Altissima"),"Altissimo","") | E57: =IF(C57="Bassa","Alto","") | F57: =IF(C57="Molto bassa","Medio","") | G57: =CONCATENATE(D57,E57,F57)
C58: ='Mappatura processi S-A'!L8 -> 0 | D58: =IF(OR(C58 = "Media", C58="Alta",C58="Altissima"),"Altissimo","") | E58: =IF(C58="Bassa","Alto","") | F58: =IF(C58="Molto bassa","Medio","") | G58: =CONCATENATE(D58,E58,F58)
C59: ='Mappatura processi S-A'!#REF! -> #REF! | D59: =IF(OR(C59 = "Media", C59="Alta",C59="Altissima"),"Altissimo","") -> #REF! | E59: =IF(C59="Bassa","Alto","") -> #REF! | F59: =IF(C59="Molto bassa","Medio","") -> #REF! | G59: =CONCATENATE(D59,E59,F59) -> #REF!
C68: ='Mappatura processi S-A'!L9 -> Bassa | D68: =IF(OR(C68 = "Media", C68="Alta",C68="Altissima"),"Altissimo","") | E68: =IF(C68="Bassa","Alto","") -> Alto | F68: =IF(C68="Molto bassa","Medio","") | G68: =CONCATENATE(D68,E68,F68) -> Alto
C69: ='Mappatura processi S-A'!L10 -> 0 | D69: =IF(OR(C69 = "Media", C69="Alta",C69="Altissima"),"Altissimo","") | E69: =IF(C69="Bassa","Alto","") | F69: =IF(C69="Molto bassa","Medio","") | G69: =CONCATENATE(D69,E69,F69)
C70: ='Mappatura processi S-A'!#REF! -> #REF! | D70: =IF(OR(C70 = "Media", C70="Alta",C70="Altissima"),"Altissimo","") -> #REF! | E70: =IF(C70="Bassa","Alto","") -> #REF! | F70: =IF(C70="Molto bassa","Medio","") -> #REF! | G70: =CONCATENATE(D70,E70,F70) -> #REF!
C71: ='Mappatura processi S-A'!#REF! -> #REF! | D71: =IF(OR(C71 = "Media", C71="Alta",C71="Altissima"),"Altissimo","") -> #REF! | E71: =IF(C71="Bassa","Alto","") -> #REF! | F71: =IF(C71="Molto bassa","Medio","") -> #REF! | G71: =CONCATENATE(D71,E71,F71) -> #REF!
C72: ='Mappatura processi S-A'!#REF! -> #REF! | D72: =IF(OR(C72 = "Media", C72="Alta",C72="Altissima"),"Altissimo","") -> #REF! | E72: =IF(C72="Bassa","Alto","") -> #REF! | F72: =IF(C72="Molto bassa","Medio","") -> #REF! | G72: =CONCATENATE(D72,E72,F72) -> #REF!
C77: ='Mappatura processi S-A'!L11 -> Bassa | D77: =IF(OR(C77 = "Media", C77="Alta",C77="Altissima"),"Altissimo","") | E77: =IF(C77="Bassa","Alto","") -> Alto | F77: =IF(C77="Molto bassa","Medio","") | G77: =CONCATENATE(D77,E77,F77) -> Alto
C78: ='Mappatura processi S-A'!L12 -> 0 | D78: =IF(OR(C78 = "Media", C78="Alta",C78="Altissima"),"Altissimo","") | E78: =IF(C78="Bassa","Alto","") | F78: =IF(C78="Molto bassa","Medio","") | G78: =CONCATENATE(D78,E78,F78)
C79: ='Mappatura processi S-A'!#REF! -> #REF! | D79: =IF(OR(C79 = "Media", C79="Alta",C79="Altissima"),"Altissimo","") -> #REF! | E79: =IF(C79="Bassa","Alto","") -> #REF! | F79: =IF(C79="Molto bassa","Medio","") -> #REF! | G79: =CONCATENATE(D79,E79,F79) -> #REF!
C80: ='Mappatura processi S-A'!#REF! -> #REF! | D80: =IF(OR(C80 = "Media", C80="Alta",C80="Altissima"),"Altissimo","") -> #REF! | E80: =IF(C80="Bassa","Alto","") -> #REF! | F80: =IF(C80="Molto bassa","Medio","") -> #REF! | G80: =CONCATENATE(D80,E80,F80) -> #REF!
C81: ='Mappatura processi S-A'!#REF! -> #REF! | D81: =IF(OR(C81 = "Media", C81="Alta",C81="Altissima"),"Altissimo","") -> #REF! | E81: =IF(C81="Bassa","Alto","") -> #REF! | F81: =IF(C81="Molto bassa","Medio","") -> #REF! | G81: =CONCATENATE(D81,E81,F81) -> #REF!
C82: ='Mappatura processi S-A'!#REF! -> #REF! | D82: =IF(OR(C82 = "Media", C82="Alta",C82="Altissima"),"Altissimo","") -> #REF! | E82: =IF(C82="Bassa","Alto","") -> #REF! | F82: =IF(C82="Molto bassa","Medio","") -> #REF! | G82: =CONCATENATE(D82,E82,F82) -> #REF!
C83: ='Mappatura processi S-A'!#REF! -> #REF! | D83: =IF(OR(C83 = "Media", C83="Alta",C83="Altissima"),"Altissimo","") -> #REF! | E83: =IF(C83="Bassa","Alto","") -> #REF! | F83: =IF(C83="Molto bassa","Medio","") -> #REF! | G83: =CONCATENATE(D83,E83,F83) -> #REF!
C95: ='Mappatura processi S-A'!#REF! -> #REF! | D95: =IF(OR(C95 = "Media", C95="Alta",C95="Altissima"),"Altissimo","") -> #REF! | E95: =IF(C95="Bassa","Alto","") -> #REF! | F95: =IF(C95="Molto bassa","Medio","") -> #REF! | G95: =CONCATENATE(D95,E95,F95) -> #REF!
C96: ='Mappatura processi S-A'!L13 -> Media | D96: =IF(OR(C96 = "Media", C96="Alta",C96="Altissima"),"Altissimo","") -> Altissimo | E96: =IF(C96="Bassa","Alto","") | F96: =IF(C96="Molto bassa","Medio","") | G96: =CONCATENATE(D96,E96,F96) -> Altissimo
C97: ='Mappatura processi S-A'!L15 -> 0 | D97: =IF(OR(C97 = "Media", C97="Alta",C97="Altissima"),"Altissimo","") | E97: =IF(C97="Bassa","Alto","") | F97: =IF(C97="Molto bassa","Medio","") | G97: =CONCATENATE(D97,E97,F97)
C98: ='Mappatura processi S-A'!#REF! -> #REF! | D98: =IF(OR(C98 = "Media", C98="Alta",C98="Altissima"),"Altissimo","") -> #REF! | E98: =IF(C98="Bassa","Alto","") -> #REF! | F98: =IF(C98="Molto bassa","Medio","") -> #REF! | G98: =CONCATENATE(D98,E98,F98) -> #REF!
C99: ='Mappatura processi S-A'!#REF! -> #REF! | D99: =IF(OR(C99 = "Media", C99="Alta",C99="Altissima"),"Altissimo","") -> #REF! | E99: =IF(C99="Bassa","Alto","") -> #REF! | F99: =IF(C99="Molto bassa","Medio","") -> #REF! | G99: =CONCATENATE(D99,E99,F99) -> #REF!
C100: ='Mappatura processi S-A'!#REF! -> #REF! | D100: =IF(OR(C100 = "Media", C100="Alta",C100="Altissima"),"Altissimo","") -> #REF! | E100: =IF(C100="Bassa","Alto","") -> #REF! | F100: =IF(C100="Molto bassa","Medio","") -> #REF! | G100: =CONCATENATE(D100,E100,F100) -> #REF!
C101: ='Mappatura processi S-A'!#REF! -> #REF! | D101: =IF(OR(C101 = "Media", C101="Alta",C101="Altissima"),"Altissimo","") -> #REF! | E101: =IF(C101="Bassa","Alto","") -> #REF! | F101: =IF(C101="Molto bassa","Medio","") -> #REF! | G101: =CONCATENATE(D101,E101,F101) -> #REF!
C102: ='Mappatura processi S-A'!#REF! -> #REF! | D102: =IF(OR(C102 = "Media", C102="Alta",C102="Altissima"),"Altissimo","") -> #REF! | E102: =IF(C102="Bassa","Alto","") -> #REF! | F102: =IF(C102="Molto bassa","Medio","") -> #REF! | G102: =CONCATENATE(D102,E102,F102) -> #REF!
C103: ='Mappatura processi S-A'!#REF! -> #REF! | D103: =IF(OR(C103 = "Media", C103="Alta",C103="Altissima"),"Altissimo","") -> #REF! | E103: =IF(C103="Bassa","Alto","") -> #REF! | F103: =IF(C103="Molto bassa","Medio","") -> #REF! | G103: =CONCATENATE(D103,E103,F103) -> #REF!
C104: ='Mappatura processi S-A'!#REF! -> #REF! | D104: =IF(OR(C104 = "Media", C104="Alta",C104="Altissima"),"Altissimo","") -> #REF! | E104: =IF(C104="Bassa","Alto","") -> #REF! | F104: =IF(C104="Molto bassa","Medio","") -> #REF! | G104: =CONCATENATE(D104,E104,F104) -> #REF!
C105: ='Mappatura processi S-A'!#REF! -> #REF! | D105: =IF(OR(C105 = "Media", C105="Alta",C105="Altissima"),"Altissimo","") -> #REF! | E105: =IF(C105="Bassa","Alto","") -> #REF! | F105: =IF(C105="Molto bassa","Medio","") -> #REF! | G105: =CONCATENATE(D105,E105,F105) -> #REF!
C106: ='Mappatura processi S-A'!#REF! -> #REF! | D106: =IF(OR(C106 = "Media", C106="Alta",C106="Altissima"),"Altissimo","") -> #REF! | E106: =IF(C106="Bassa","Alto","") -> #REF! | F106: =IF(C106="Molto bassa","Medio","") -> #REF! | G106: =CONCATENATE(D106,E106,F106) -> #REF!
C107: ='Mappatura processi S-A'!#REF! -> #REF! | D107: =IF(OR(C107 = "Media", C107="Alta",C107="Altissima"),"Altissimo","") -> #REF! | E107: =IF(C107="Bassa","Alto","") -> #REF! | F107: =IF(C107="Molto bassa","Medio","") -> #REF! | G107: =CONCATENATE(D107,E107,F107) -> #REF!
C108: ='Mappatura processi S-A'!#REF! -> #REF! | D108: =IF(OR(C108 = "Media", C108="Alta",C108="Altissima"),"Altissimo","") -> #REF! | E108: =IF(C108="Bassa","Alto","") -> #REF! | F108: =IF(C108="Molto bassa","Medio","") -> #REF! | G108: =CONCATENATE(D108,E108,F108) -> #REF!
C109: ='Mappatura processi S-A'!L16 -> 0 | D109: =IF(OR(C109 = "Media", C109="Alta",C109="Altissima"),"Altissimo","") | E109: =IF(C109="Bassa","Alto","") | F109: =IF(C109="Molto bassa","Medio","") | G109: =CONCATENATE(D109,E109,F109)
C110: ='Mappatura processi S-A'!L17 -> 0 | D110: =IF(OR(C110 = "Media", C110="Alta",C110="Altissima"),"Altissimo","") | E110: =IF(C110="Bassa","Alto","") | F110: =IF(C110="Molto bassa","Medio","") | G110: =CONCATENATE(D110,E110,F110)
C111: ='Mappatura processi S-A'!L18 -> 0 | D111: =IF(OR(C111 = "Media", C111="Alta",C111="Altissima"),"Altissimo","") | E111: =IF(C111="Bassa","Alto","") | F111: =IF(C111="Molto bassa","Medio","") | G111: =CONCATENATE(D111,E111,F111)
C112: ='Mappatura processi S-A'!L19 -> 0 | D112: =IF(OR(C112 = "Media", C112="Alta",C112="Altissima"),"Altissimo","") | E112: =IF(C112="Bassa","Alto","") | F112: =IF(C112="Molto bassa","Medio","") | G112: =CONCATENATE(D112,E112,F112)
C113: ='Mappatura processi S-A'!L20 -> 0 | D113: =IF(OR(C113 = "Media", C113="Alta",C113="Altissima"),"Altissimo","") | E113: =IF(C113="Bassa","Alto","") | F113: =IF(C113="Molto bassa","Medio","") | G113: =CONCATENATE(D113,E113,F113)
C114: ='Mappatura processi S-A'!L21 -> 0 | D114: =IF(OR(C114 = "Media", C114="Alta",C114="Altissima"),"Altissimo","") | E114: =IF(C114="Bassa","Alto","") | F114: =IF(C114="Molto bassa","Medio","") | G114: =CONCATENATE(D114,E114,F114)
C115: ='Mappatura processi S-A'!L22 -> 0 | D115: =IF(OR(C115 = "Media", C115="Alta",C115="Altissima"),"Altissimo","") | E115: =IF(C115="Bassa","Alto","") | F115: =IF(C115="Molto bassa","Medio","") | G115: =CONCATENATE(D115,E115,F115)
C116: ='Mappatura processi S-A'!L23 -> 0 | D116: =IF(OR(C116 = "Media", C116="Alta",C116="Altissima"),"Altissimo","") | E116: =IF(C116="Bassa","Alto","") | F116: =IF(C116="Molto bassa","Medio","") | G116: =CONCATENATE(D116,E116,F116)
C117: ='Mappatura processi S-A'!L24 -> 0 | D117: =IF(OR(C117 = "Media", C117="Alta",C117="Altissima"),"Altissimo","") | E117: =IF(C117="Bassa","Alto","") | F117: =IF(C117="Molto bassa","Medio","") | G117: =CONCATENATE(D117,E117,F117)
C118: ='Mappatura processi S-A'!L25 -> 0 | D118: =IF(OR(C118 = "Media", C118="Alta",C118="Altissima"),"Altissimo","") | E118: =IF(C118="Bassa","Alto","") | F118: =IF(C118="Molto bassa","Medio","") | G118: =CONCATENATE(D118,E118,F118)
C119: ='Mappatura processi S-A'!L26 -> 0 | D119: =IF(OR(C119 = "Media", C119="Alta",C119="Altissima"),"Altissimo","") | E119: =IF(C119="Bassa","Alto","") | F119: =IF(C119="Molto bassa","Medio","") | G119: =CONCATENATE(D119,E119,F119)
C120: ='Mappatura processi S-A'!L27 -> 0 | D120: =IF(OR(C120 = "Media", C120="Alta",C120="Altissima"),"Altissimo","") | E120: =IF(C120="Bassa","Alto","") | F120: =IF(C120="Molto bassa","Medio","") | G120: =CONCATENATE(D120,E120,F120)
... C129: ='Mappatura processi S-A'!L36 -> 0 | D129: =IF(OR(C129 = "Media", C129="Alta",C129="Altissima"),"Altissimo","") | E129: =IF(C129="Bassa","Alto","") | F129: =IF(C129="Molto bassa","Medio","") | G129: =CONCATENATE(D129,E129,F129)
